 Dungeon Crawl Stone Soup version 0.23-a0-167-gf92cf62f8f (webtiles) character file.

1480191 stburah the Formicid Barricade (level 27, -3/323 HPs)
             Began as a Formicid Fighter on Sept 9, 2018.
             Was the Champion of the Shining One.
             Slain by an emperor scorpion (5 damage)
             ... summoned by a greater mummy
             ... on level 3 of the Tomb of the Ancients on Sept 11, 2018.
             The game lasted 10:10:14 (130087 turns).

stburah the Formicid Barricade (Formicid Fighter) Turns: 130087, Time: 10:10:14

Health: -3/323     AC: 21    Str: 36      XL:     27
Magic:  0/54       EV: 11    Int:  1 (11) God:    the Shining One [******]
Gold:   16898      SH: 52    Dex: 10      Spells: 71/80 levels left

rFire    + . .     SeeInvis +   R - +9 executioner's axe (holy)
rCold    + + .     Gourm    .   p - +6 large shield of Activism {rF+ rC+ Str+3}
rNeg     + + +     Faith    .   (armour currently unavailable) rPois โˆž Spirit +
                                (helmet unavailable)
rElec    +         Reflect  .   w - scarf {repulsion}
rCorr    .         Harm     .   (gloves currently unavailable)
MR       +++..     Clarity  +   (boots currently unavailable)
Stlth    ++........             j - amulet of guardian spirit
HPRegen  1.03/turn              P - ring of Seorghea {rElec rPois Slay+3}
MPRegen  0.34/turn              n - ring of Haokhlaf {rC+ rN+ MR+}

@: divine shield, statue-form (expiring), glowing, repel missiles, very slow
A: permanent stasis, dig shafts and tunnels, four strong arms, antennae 3,
clarity, clever 1, sense surroundings 1, regeneration 1, evolution 1, no potion
heal 2, subdued magic 2
}: 14/15 runes: serpentine, barnacled, slimy, silver, iron, obsidian, icy, bone,
abyssal, demonic, glowing, magical, fiery, dark
a: Dig, Shaft Self, End Transformation, Divine Shield, Cleansing Flame, Summon
Divine Warrior, Renounce Religion


You were on level 3 of the Tomb of the Ancients.
You worshipped the Shining One.
The Shining One was exalted by your worship.
You were not hungry.
You were a stone statue.
You visited 18 branches of the dungeon, and saw 81 of its levels.
You visited Pandemonium 1 time, and saw 52 of its levels.
You visited the Abyss 4 times.
You also visited: Labyrinth, Sewer, Ice Cave and Desolation.

You collected 20342 gold pieces.
You spent 3444 gold pieces at shops.

Inventory:

Hand Weapons
 t - the +9 heavy crossbow "Sniper" {velocity, Acc+โˆž SInv}
   (You found it on level 2 of the Depths)

   Any bolt fired from it inflicts extra damage.
   It lets you see invisible.
 M - the +6 battleaxe of Scorn {protect, rN+}
   (You bought it in a shop on level 6 of the Dungeon)

   It protects the one who uses it against injury (+AC on strike).
   It protects you from negative energy.
 R - a +9 executioner's axe of holy wrath (weapon)
Missiles
 d - 435 bolts
Armour
 m - +12 gold dragon scales (melded)
 p - the +6 large shield of Activism (worn) {rF+ rC+ Str+3}
   (You found it on level 6 of the Dungeon)

   It affects your strength (+3).
   It protects you from fire.
   It protects you from cold.
 w - a scarf of repulsion (worn)
 H - the +2 pair of boots "Rutied" (melded) {Str+4 Stlth+}
   (You acquired it on level 2 of the Depths)

   It affects your strength (+4).
   It makes you more stealthy.
 Z - a +2 pair of gloves of dexterity (melded)
Jewellery
 j - an amulet of guardian spirit (around neck)
 n - the ring of Haokhlaf (right hand) {rC+ rN+ MR+}
   (You found it on level 3 of the Crypt)

   [ring of positive energy]

   It protects you from cold.
   It protects you from negative energy.
   It affects your resistance to hostile enchantments.
 P - the ring of Seorghea (left hand) {rElec rPois Slay+3}
   (You found it on level 5 of the Vaults)

   [ring of poison resistance]

   It affects your accuracy and damage with ranged weapons and melee attacks
   (+3).
   It insulates you from electricity.
   It protects you from poison.
Wands
 a - a wand of paralysis (12)
 k - a wand of flame (11)
 l - a wand of enslavement (10)
 u - a wand of acid (38)
Scrolls
 b - 29 scrolls of identify
 c - 17 scrolls of fog
 e - 53 scrolls of remove curse
 h - a scroll of amnesia
 o - 20 scrolls of fear
 D - 9 scrolls of magic mapping
 L - 5 scrolls of summoning
 W - 5 scrolls of silence
 X - 4 scrolls of holy word
Potions
 g - a potion of mutation
 z - 33 potions of curing
 A - 23 potions of flight
 C - 20 potions of might
 S - 18 potions of heal wounds
Miscellaneous
 i - a crystal ball of energy
 s - 5 boxes of beasts
 v - a lightning rod (4/4)
 y - 3 sacks of spiders
 B - a crystal ball of energy
 I - a phial of floods
 K - a lamp of fire
 O - 8 phantom mirrors
Comestibles
 f - 125 rations


   Skills:
 O Level 27 Fighting
 O Level 27 Axes
 O Level 27 Crossbows
 O Level 27 Armour
 - Level 6.8 Stealth
 O Level 27 Shields
 O Level 27 Spellcasting
 * Level 19.2 Transmutations
 O Level 27 Earth Magic
 O Level 27 Invocations
 O Level 27 Evocations


You had 71 spell levels left.
You knew the following spells:

 Your Spells              Type           Power        Failure   Level  Hunger
a - Sandblast             Erth           #.....       0%          1    ##.....
b - Passwall              Tmut/Erth      #.......     0%          2    ###....
c - Statue Form           Tmut/Erth      #........    0%          6    #######

Your spell library contained the following spells:

 Spells                   Type           Power        Failure   Level  Hunger
 Beastly Appendage        Tmut           #.....       0%          1    ##.....
 Sticks to Snakes         Tmut           #.......     0%          2    ###....
 Stone Arrow              Conj/Erth      #.....       0%          3    ####...
 Petrify                  Tmut/Erth      #.......     0%          4    #####..
 Blade Hands              Tmut           #.........   0%          5    ######.
 Lee's Rapid Deconstruct  Erth           #.........   0%          5    ######.
 Ignite Poison            Fire/Tmut/Pois #.......     1%          3    ####...
 Spider Form              Tmut/Pois      #.........   1%          3    ####...
 Ice Form                 Ice/Tmut       #.......     1%          4    #####..
 Leda's Liquefaction      Hex/Erth       #.........   1%          4    #####..
 Alistair's Intoxication  Tmut/Pois      #.......     1%          5    ######.
 Bolt of Magma            Conj/Fire/Erth #.........   1%          5    ######.
 Borgnjor's Vile Clutch   Necr/Erth      #.........   1%          5    ######.
 Irradiate                Conj/Tmut      #.........   1%          5    ######.
 Yara's Violent Unravell  Hex/Tmut       #.........   1%          5    ######.
 Iron Shot                Conj/Erth      #.........   1%          6    #######
 Animate Skeleton         Necr           N/A          2%          1    ##.....
 Apportation              Tloc           #.....       2%          1    ##.....
 Confusing Touch          Hex            #.....       2%          1    ##.....
 Corona                   Hex            #......      2%          1    ##.....
 Flame Tongue             Conj/Fire      #....        2%          1    ##.....
 Freeze                   Ice            #...         2%          1    ##.....
 Infusion                 Chrm           #...         2%          1    ##.....
 Magic Dart               Conj           #...         2%          1    ##.....
 Pain                     Necr           #...         2%          1    ##.....
 Shock                    Conj/Air       #...         2%          1    ##.....
 Sting                    Conj/Pois      #...         2%          1    ##.....
 Summon Butterflies       Summ           #.......     2%          1    ##.....
 Summon Small Mammal      Summ           #...         2%          1    ##.....
 Call Imp                 Summ           #.......     4%          2    ###....
 Corpse Rot               Necr           N/A          4%          2    ###....
 Ensorcelled Hibernation  Hex/Ice        #.....       4%          2    ###....
 Poisonous Vapours        Pois/Air       #.....       4%          2    ###....
 Searing Ray              Conj           #.....       4%          2    ###....
 Shroud of Golubria       Chrm/Tloc      #.........   4%          2    ###....
 Slow                     Hex            #.......     4%          2    ###....
 Song of Slaying          Chrm           #.......     4%          2    ###....
 Sublimation of Blood     Necr           #.........   4%          2    ###....
 Swiftness                Chrm/Air       #.......     4%          2    ###....
 Throw Flame              Conj/Fire      #.....       4%          2    ###....
 Throw Frost              Conj/Ice       #.....       4%          2    ###....
 Shatter                  Erth           #.........   4%          9    #######
 Call Canine Familiar     Summ           #.......     9%          3    ####...
 Confuse                  Hex            #.......     9%          3    ####...
 Conjure Flame            Conj/Fire      #.......     9%          3    ####...
 Dazzling Spray           Conj/Hex       #.....       9%          3    ####...
 Gell's Gravitas          Tloc           #.........   9%          3    ####...
 Inner Flame              Hex/Fire       #.......     9%          3    ####...
 Lesser Beckoning         Tloc           #.........   9%          3    ####...
 Mephitic Cloud           Conj/Pois/Air  #.......     9%          3    ####...
 Ozocubu's Armour         Chrm/Ice       #.......     9%          3    ####...
 Portal Projectile        Hex/Tloc       #.....       9%          3    ####...
 Recall                   Summ/Tloc      N/A          9%          3    ####...
 Regeneration             Chrm/Necr      #.........   9%          3    ####...
 Spectral Weapon          Hex/Chrm       #.......     9%          3    ####...
 Static Discharge         Conj/Air       #.......     9%          3    ####...
 Summon Guardian Golem    Hex/Summ       #.......     9%          3    ####...
 Teleport Other           Tloc           #.......     9%          3    ####...
 Tukima's Dance           Hex            #.......     9%          3    ####...
 Vampiric Draining        Necr           #.........   9%          3    ####...
 Airstrike                Air            #.........   32%         4    #####..
 Animate Dead             Necr           N/A          32%         4    #####..
 Cause Fear               Hex            #.........   32%         4    #####..
 Force Lance              Conj/Tloc      #.......     32%         4    #####..
 Fulminant Prism          Conj/Hex       #.........   32%         4    #####..
 Iskenderun's Mystic Bla  Conj           #.......     32%         4    #####..
 Olgreb's Toxic Radiance  Pois           #.......     32%         4    #####..
 Passage of Golubria      Tloc           N/A          32%         4    #####..
 Sticky Flame             Conj/Fire      #.......     32%         4    #####..
 Summon Ice Beast         Ice/Summ       #.......     32%         4    #####..
 Summon Lightning Spire   Summ/Air       #.......     32%         4    #####..
 Throw Icicle             Conj/Ice       #.......     32%         4    #####..
 Lehudib's Crystal Spear  Conj/Erth      #.........   67%         8    #######
 Agony                    Necr           #.......     69%         5    ######.
 Bolt of Draining         Conj/Necr      #.........   69%         5    ######.
 Dispel Undead            Necr           #.......     69%         5    ######.
 Excruciating Wounds      Chrm/Necr      #.........   69%         5    ######.
 Fireball                 Conj/Fire      #.........   69%         5    ######.
 Iskenderun's Battlesphe  Conj/Chrm      #.......     69%         5    ######.
 Lightning Bolt           Conj/Air       #.........   69%         5    ######.
 Metabolic Englaciation   Hex/Ice        #.........   69%         5    ######.
 Silence                  Hex/Air        #.........   69%         5    ######.
 Summon Mana Viper        Hex/Summ       #.......     69%         5    ######.
 Venom Bolt               Conj/Pois      #.........   69%         5    ######.
 Bolt of Cold             Conj/Ice       #.........   99%         6    #######
 Bolt of Fire             Conj/Fire      #.........   99%         6    #######
 Conjure Ball Lightning   Conj/Air       #.........   99%         6    #######
 Darkness                 Hex            #.........   99%         6    #######
 Death Channel            Necr           #.........   99%         6    #######
 Deflect Missiles         Chrm/Air       #.........   99%         6    #######
 Dispersal                Tloc           #.........   99%         6    #######
 Freezing Cloud           Conj/Ice/Air   #.........   99%         6    #######
 Invisibility             Hex            #.......     99%         6    #######
 Ozocubu's Refrigeration  Ice            #.........   99%         6    #######
 Poison Arrow             Conj/Pois      #.........   99%         6    #######
 Shadow Creatures         Summ           N/A          99%         6    #######
 Simulacrum               Ice/Necr       #.........   99%         6    #######
 Haunt                    Necr/Summ      #.........   100%        7    #######
 Malign Gateway           Summ/Tloc      #.........   100%        7    #######
 Monstrous Menagerie      Summ           #.........   100%        7    #######
 Orb of Destruction       Conj           #.........   100%        7    #######
 Ring of Flames           Chrm/Fire      #.........   100%        7    #######
 Spellforged Servitor     Conj/Summ      #.........   100%        7    #######
 Summon Greater Demon     Summ           #.........   100%        7    #######
 Summon Hydra             Summ           #.........   100%        7    #######
 Chain Lightning          Conj/Air       #.........   100%        8    #######
 Discord                  Hex            #.........   100%        8    #######
 Disjunction              Tloc           #.........   100%        8    #######
 Ignition                 Fire           #.........   100%        8    #######
 Summon Horrible Things   Summ           #.........   100%        8    #######
 Fire Storm               Conj/Fire      #.........   100%        9    #######
 Glaciate                 Conj/Ice       #.........   100%        9    #######
 Tornado                  Air            #.........   100%        9    #######
 Blink                    Tloc           Unusable     N/A         2    N/A
 Controlled Blink         Tloc           Unusable     N/A         8    N/A

Dungeon Overview and Level Annotations

Branches:
Dungeon (15/15)            Temple (1/1) D:7            Lair (6/6) D:8
 Shoals (4/4) Lair:2        Snake (4/4) Lair:2        Slime (5/5) Lair:5
    Orc (2/2) D:9             Elf (3/3) Orc:2        Vaults (5/5) D:14
  Crypt (3/3) Vaults:3       Tomb (3/3) Crypt:3      Depths (5/5) D:15
   Hell (1/1)                 Dis (7/7) Hell            Geh (7/7) Hell
    Coc (7/7) Hell            Tar (7/7) Hell            Zot (3/5) Depths:5

Altars:
Ashenzari
Cheibriados
Dithmenos
Elyvilon
Fedhas
Gozag
Hepliaklqana
Kikubaaqudgha
Makhleb
Nemelex Xobeh
Okawaru
Qazlal
Ru
Sif Muna
Trog
Uskayaw
Vehumet
Wu Jian
Xom
Yredelemnul
Zin
The Shining One
Beogh
Jiyva

Shops:
D:4 %   D:5 !   D:6 ?(   D:13 [   D:14 ?*:(   Orc:1 *   Orc:2 *:([(
Snake:3 %(((   Vaults:3 =   Vaults:5 ?[

Portals:
Hell: Depths:1 Depths:2 Depths:3 Depths:4 Depths:5
Abyss: Depths:1 Depths:2 Depths:4 Depths:5
Pandemonium: Depths:1 Depths:3 Depths:4 Depths:5
Ziggurat: Depths:2

Annotations:
Tomb:3 Mara


Innate Abilities, Weirdness & Mutations

You cannot be hasted, slowed, berserked, paralysed or teleported.
You can dig through walls and to a lower floor.
Your four strong arms can wield two-handed weapons with a shield.
You have a pair of large antennae on your head. (SInv)
((You are partially covered in yellow scales. (AC +2)))
You possess an exceptional clarity of mind.
Your mind is acute. (Int +2)
You passively map a small area around you.
Your natural rate of healing is unusually fast.
You evolve.
Potions are poor at restoring your health.
Your spells are easier to cast, but less powerful.


Message History

Send 'em back where they came from!
The Shining One protects your fellow warrior from evil magic!
The smoke demon is engulfed in blazing flames.
Your daeva calls down the wrath of the Shining One upon the greater mummy.
The greater mummy is smitten.
An ushabti comes into view.
Unknown command.
Unknown command.
Unknown command.
You don't have enough magic at the moment.
Unknown command.
Your system partially rejects the healing.
You feel much better.
Mara is engulfed in blazing flames.
The greater mummy gestures at you while chanting.
Something smites you!
* * * LOW HITPOINT WARNING * * *
The mummy priest mumbles some strange prayers to its god.
The flayed ghost hits your daeva! You block the greater mummy's attack.
The emperor scorpion stings you.
You die...

****** ######## ******* **,,,,**
#......# **,,,,,**
**,,,,,,**#......#**,,,,,,,**
**,,,,,,,,*#...(..#*,,,,,,,,,**
*,,,,,,,,,*#..MA..#*,,,,,,,,,,**
,,,,,,,,,,,#..W88ยง#,,,,,,,,,,,,**
,,,,,,,,,,,#.M.Ms.#,,,,,,,,,,,,,*
,,,,,,,,,..W.8RWM.'.,,,,,,,,,,,,,
,,,,,,,,...#38WMM.#...,,,,,,,,,,,
,,,,,,,,...#MM8MMM#.%...,,,,,,,,,
,,,,,,,,..*#MW.MM8#*....,,,,,,,,,
,,,,,,,,,,*#..8.M.#*,...,,,,,,,,,
,,,,,,,,,**.MMM8MML**...,,,,,,,,,
,,,,,,,<**,,,,,,,,,,**<,,,,,,,,,,


You could see 5 greater mummies, Mara, an emperor scorpion, a revenant, 4 mummy
priests, a flayed ghost, a shadow wraith (invisible), 6 guardian mummies, 7
ushabtiu, a freezing wraith, a smoke demon, a hungry ghost, a wraith, 5 mummies
and a friendly daeva.

Vanquished Creatures
  Cerebov (Pan)
  Asmodeus (Geh:7)
  Antaeus (Coc:7)
  Gloorx Vloq (Pan)
  the Royal Jelly (Slime:5)
  Lom Lobon (Pan)
  Ereshkigal (Tar:7)
  the Serpent of Hell (Dis:7)
  Mnoleg (Pan)
  An orb of fire (Zot:1)
  2 ancient liches
  24 greater mummies
  2 juggernauts
  Boris (Vaults:3)
  The ghost of Sydeak the Slayer, a veteran CeHu of Okawaru (Vaults:4)
  Saint Roka (Orc:2)
  46 pandemonium lords (Pan)
  12 shard shrikes (Coc:7)
  Margery (Depths:3)
  7 golden dragons
  Vashnia (Snake:3)
  Jory (Vaults:3)
  The ghost of Genyextu the Bludgeoner, a veteran GrFi of Uskayaw (Depths:4)
  Geryon (Hell)
  the Enchantress (Depths:1)
  A profane servitor (Crypt:3)
  10 bone dragons
  39 Brimstone Fiends
  5 iron giants (Dis:7)
  37 Tzitzimimeh
  A hellephant (Pan)
  39 Hell Sentinels
  12 liches
  43 Ice Fiends
  14 tentacled monstrosities
  Asterion (Vaults:3)
  8 titans
  3 deep elf blademasters (Elf:3)
  4 quicksilver dragons
  Polyphemus (Shoals:4)
  Murray (Hell)
  11 tentacled starspawn
  16 acid blobs
  Frances (Snake:1)
  65 Executioners
  18 ancient champions
  6 eldritch tentacles
  A death cob (Zot:1)
  A kraken (Shoals:1)
  6 sphinxes
  Agnes (Elf:2)
  Gastronok (Lair:2)
  13 shadow dragons
  11 tengu reavers
  13 storm dragons
  4 revenants
  Donald (Elf:2)
  An azure jelly (shapeshifter) (Depths:2)
  Kirke (D:14)
  8 draconian monks
  13 azure jellies
  A frost giant (shapeshifter) (Depths:2)
  2 draconian scorchers (Zot:1)
  A daeva (Abyss:1)
  9 nagarajas
  9 frost giants
  84 balrugs
  Louise (D:14)
  13 fire giants
  10 deep elf sorcerers
  A ghost moth (shapeshifter) (Vaults:5)
  34 warmongers (Pan)
  13 vault wardens
  An orc warlord (Vaults:5)
  An imperial myrmidon (Desolation)
  71 cacodemons
  11 iron dragons
  39 black suns (Pan)
  4 draconian knights
  The ghost of P0WERM0DE the Severer, a journeyman DDFi of Cheibriados (Lair:6)
  3 ghost moths (Pan)
  The ghost of P0WERM0DE the Pandemonic, a journeyman DDFi of Makhleb (Snake:4)
  3 angels (Pan)
  A draconian stormcaller (Zot:1)
  A ghoul (Crypt:3)
  5 deep elf elementalists
  8 curse skulls
  An elemental wellspring (Coc:7)
  24 war gargoyles
  19 ironheart preservers
  18 stone giants
  22 very ugly things
  32 corrupters (Pan)
  15 draconian annihilators
  82 reapers
  6 black draconians
  8 green draconians
  2 vampire knights
  46 blood saints (Pan)
  2 spriggan defenders (Depths:1)
  4 entropy weavers
  3 deep elf demonologists
  3 halazid warlocks (Desolation)
  Azrael (D:14)
  8 bennus
  6 yellow draconians
  7 purple draconians
  4 red draconians
  A spark wasp (shapeshifter) (Depths:2)
  10 white draconians
  70 lorocyprocas
  A minotaur (Lab)
  13 deep elf annihilators
  11 merfolk javelineers
  75 blizzard demons
  7 eidola
  57 green deaths (Pan)
  10 deep elf death magi
  26 mummy priests
  13 crystal guardians
  14 ettins
  13 merfolk impalers
  16 fire dragons
  3 spectral krakens (Tar:7)
  11 great orbs of eyes
  6 servants of whispers (Desolation)
  3 death oozes (Slime:5)
  9 jiangshi
  29 vault guards
  15 yaktaur captains
  6 deep elf high priests
  18 ice dragons
  A kraken zombie (Hell)
  17 naga warriors
  36 monstrous demonspawn (Pan)
  2 quicksilver dragon zombies
  8 rakshasas
  10 ragged hierophants (Desolation)
  3 catoblepae
  16 centaur warriors
  2 juggernaut simulacra (Pan)
  6 anacondas
  13 hell beasts
  11 hydras
  4 spriggan air magi
  2 quicksilver dragon skeletons (Pan)
  2 merfolk avatars (Shoals:3)
  3 satyrs
  6 death knights
  13 peacekeepers (Desolation)
  15 ogre magi
  An alligator snapping turtle (Shoals:3)
  11 merfolk aquamancers
  5 death yaks
  49 two-headed ogres
  A queen ant (Lair:4)
  44 dancing weapons
  6 deep troll shamans
  16 naga sharpshooters
  4 tengu warriors
  A queen ant (shapeshifter) (Vaults:5)
  6 deep troll earth magi
  13 death scarabs
  15 hell hogs
  2 orc high priests (Orc:2)
  8 shock serpents
  7 vampire magi
  3 titan zombies
  2 storm dragon zombies (Dis:7)
  16 thrashing horrors
  26 deep elf knights
  146 soul eaters
  4 spriggan berserkers
  6 iron golems
  6 holy swine (Pan)
  9 wretched stars
  224 sun demons
  4 titan skeletons
  19 hell knights
  A salamander mystic (Depths:5)
  83 skeletal warriors
  A fire crab (shapeshifter) (Depths:3)
  11 iron trolls
  5 spatial maelstroms
  20 deep trolls
  4 unseen horrors
  3 anaconda zombies
  13 glowing orange brains
  101 sixfirhies
  49 gelid demonspawn (Pan)
  13 shadow wraiths
  A quicksilver dragon simulacrum (Coc:7)
  13 phantasmal warriors
  3 golden dragon zombies
  37 infernal demonspawn (Pan)
  7 naga ritualists
  2 spark wasp zombies
  61 shadow demons
  51 torturous demonspawn (Pan)
  16 flayed ghosts
  A swamp dragon (shapeshifter) (Depths:2)
  15 wizards
  An orange crystal statue (Depths:2)
  12 sea snakes
  2 death drakes (Depths:5)
  17 deep elf archers
  3 obsidian statues (Depths:2)
  Pikel (D:7)
  An unseen horror (shapeshifter) (Vaults:3)
  5 lindwurms
  A kraken simulacrum (Coc:7)
  A wolf spider (shapeshifter) (Vaults:5)
  2 wolf spider zombies
  7 mana vipers
  A mana viper (shapeshifter) (Depths:2)
  2 shadow dragon zombies
  24 ironbrand convokers
  15 necromancers
  2 anaconda skeletons
  3 stone giant zombies
  5 orc knights
  14 harpies
  An orb spider (shapeshifter) (Vaults:4)
  12 fauns
  43 ugly things
  5 golden dragon skeletons
  5 fire giant zombies
  5 wolf spiders
  57 deep elf magi
  5 frost giant zombies
  5 orc sorcerers
  7 shining eyes
  5 worldbinders
  2 shadow dragon skeletons
  An oklob plant (Lair:6)
  18 manticores
  9 salamanders
  A toenail golem (Pan)
  4 iron dragon zombies
  16 moths of wrath
  2 salamanders (shapeshifter) (Vaults:3)
  22 cyclopes
  14 vault sentinels
  12 merfolk sirens
  2 fire giant skeletons
  2 iron dragon skeletons
  7 ice statues
  5 frost giant skeletons
  2 stone giant skeletons
  5 water nymphs
  7 elephants
  2 black mambas (shapeshifter)
  A torpor snail (Lair:6)
  199 smoke demons
  46 black mambas
  7 guardian serpents
  34 rust devils
  26 naga magi
  4 human skeletons
  A centaur zombie (D:15)
  101 orange demons
  10 molten gargoyles
  3 storm dragon simulacra (Coc:7)
  A shock serpent skeleton (Coc:7)
  5 titan simulacra (Coc:7)
  A guardian serpent (shapeshifter) (Vaults:1)
  5 spiny frogs
  11 spectral swamp worms (Tar:7)
  9 gargoyles
  79 hellions
  62 yaktaurs
  4 eyes of devastation
  2 emperor scorpion zombies
  7 rime drakes
  A dire elephant skeleton (Pan)
  2 yaktaur zombies
  A catoblepas zombie (Hell)
  61 hellwings
  A rime drake (shapeshifter) (Vaults:3)
  91 demonic crawlers
  18 efreet
  3 anaconda simulacra (Coc:7)
  A yaktaur (shapeshifter) (Depths:2)
  25 freezing wraiths
  44 ice devils
  62 tormentors
  A sea snake skeleton (Crypt:3)
  An iron troll skeleton (Crypt:1)
  8 komodo dragons
  7 polar bears (Lair:6)
  8 hydra zombies
  12 ancient zymes
  6 tengu conjurers
  3 meliai (shapeshifter)
  A yellow draconian skeleton (Crypt:3)
  94 red devils
  40 guardian mummies
  2 jumping spiders (Vaults:4)
  24 merfolk
  A tengu simulacrum (Vaults:3)
  3 trolls
  Grinder (D:5)
  2 polar bears (shapeshifter)
  2 hornets
  A wolf spider simulacrum (Coc:7)
  A raiju (shapeshifter) (D:15)
  A harpy skeleton (Pan)
  6 meliai
  4 tyrant leeches (Abyss:3)
  4 hydra skeletons
  66 saltlings (Desolation)
  13 snapping turtles
  Prince Ribbit (Lair:2)
  11 blink frogs
  A bog body (Crypt:3)
  19 wind drakes
  An ice dragon zombie (Coc:7)
  10 hippogriffs
  A fire giant simulacrum (Tar:7)
  9 ettin zombies
  4 fire dragon zombies
  27 raiju
  13 dream sheep
  66 slime creatures
  2 hippogriffs (shapeshifter)
  A centaur simulacrum (D:14)
  3 ice dragon skeletons
  3 alligator zombies
  3 fire dragon skeletons
  51 starcursed masses
  55 flying skulls
  9 air elementals
  A spriggan (shapeshifter) (Vaults:2)
  3 shadows
  A redback (shapeshifter) (Vaults:5)
  4 redbacks (Vaults:4)
  17 water elementals
  An ettin skeleton (Pan)
  A tarantella (shapeshifter) (Vaults:5)
  A wyvern (shapeshifter) (Depths:2)
  A black mamba zombie (Crypt:2)
  14 spriggans
  2 vampires
  14 wraiths
  167 ynoxinuls
  A human (shapeshifter) (Elf:3)
  4 hungry ghosts
  A hog (shapeshifter) (Abyss:5)
  4 hogs (D:14)
  17 humans (D:14)
  22 ushabtiu
  2 black mamba skeletons
  4 wyverns
  45 yaks
  4 fire bats (Pan)
  A yak (shapeshifter) (D:13)
  Eustachio (D:4)
  6 golden eyes (Slime:5)
  49 neqoxecs
  21 fire elementals
  A steam dragon (shapeshifter) (Vaults:4)
  3 basilisks
  116 chaos spawn
  7 spatial vortices
  Edmund (D:6)
  179 large abominations
  5 insubstantial wisps
  50 nagas
  8 wargs
  Menkaure (D:5)
  6 spiny frog zombies
  A yaktaur simulacrum (Vaults:3)
  2 acid dragons
  A hydra simulacrum (Coc:7)
  18 soldier ants
  8 water moccasins
  A two-headed ogre zombie (Crypt:2)
  10 porcupines
  50 hell hounds
  A floating eye (shapeshifter) (Vaults:3)
  A floating eye (Depths:3)
  A torturous demonspawn skeleton (Crypt:1)
  A gelid demonspawn skeleton (Crypt:1)
  4 swamp drakes
  3 ice beasts
  30 orc warriors
  A spiny frog skeleton (Pan)
  4 slaves (D:7)
  16 eyes of draining
  An eye of draining (shapeshifter) (Elf:3)
  6 sky beasts
  10 black bears (Lair:6)
  A fire dragon simulacrum (Coc:7)
  40 ogres
  A manticore zombie (Dis:7)
  6 necrophages
  3 phantoms
  2 snapping turtle zombies
  5 boggarts
  2 ettin simulacra
  10 wolves (Lair:6)
  17 centaurs
  An elephant skeleton (Crypt:3)
  A swamp dragon skeleton (Geh:7)
  15 crocodiles
  A hog skeleton (Crypt:3)
  20 bullfrogs
  2 big kobolds
  A salamander zombie (Crypt:3)
  Blork the orc (D:5)
  A hippogriff skeleton (Crypt:1)
  2 cyclops skeletons
  3 spiny frog simulacra
  18 earth elementals
  2 water moccasin skeletons
  A wyvern skeleton (D:15)
  6 scorpions
  A shapeshifter zombie (Crypt:3)
  56 killer bees
  A spriggan zombie (Geh:7)
  2 human simulacra (Vaults:4)
  21 wights
  A troll skeleton (Geh:7)
  34 small abominations
  4 howler monkeys
  15 crimson imps
  2 bullfrog zombies
  4 quasits
  A basilisk zombie (Crypt:1)
  A gnoll shaman (D:8)
  18 orc priests
  3 bullfrog skeletons
  2 centaur skeletons
  10 hounds
  20 iron imps
  5 jellies
  Jessica (D:3)
  4 iguanas
  26 orc wizards
  6 hell rats
  20 worker ants
  An acid dragon skeleton (Crypt:2)
  4 naga skeletons
  A hound zombie (D:7)
  A hound skeleton (D:11)
  52 mummies
  A howler monkey skeleton (D:9)
  16 adders
  10 gnolls
  An adder (shapeshifter) (Depths:2)
  11 shadow imps
  17 white imps
  6 ufetubi
  11 oozes (Sewer)
  A lava snake zombie (Crypt:2)
  2 adder skeletons
  An adder zombie (D:9)
  2 worms
  4 ball lightnings
  A dart slug (D:2)
  21 leopard geckos
  89 orcs
  10 ball pythons
  7 bats
  A bat (shapeshifter) (Depths:2)
  19 giant cockroaches
  7 goblins
  9 hobgoblins
  10 jackals
  6 quokkas
  A ball python zombie (Crypt:3)
  11 frilled lizards
  A gnoll skeleton (Crypt:2)
  A hobgoblin skeleton (Crypt:1)
  A hobgoblin zombie (Crypt:3)
  A jackal skeleton (D:4)
  A jackal zombie (Crypt:2)
  10 kobolds
  An orc skeleton (Crypt:1)
  A quokka skeleton (Crypt:2)
  A quokka zombie (D:8)
  5 rats
  4 crawling corpses
  5 fire vortices (Pan)
  5 fungi
  A lurking horror (Abyss:3)
  2 pillars of salt (Vaults:3)
  35 plants
  10 starspawn tentacles
  10 tentacles
6673 creatures vanquished.

Vanquished Creatures (collateral kills)
  Dispater (Dis:7)
  Mennas (Vaults:5)
  A greater mummy (Tomb:3)
  Sojobo (Depths:2)
  A Brimstone Fiend (Dis:7)
  2 Tzitzimimeh (Tar:7)
  An iron giant (Dis:7)
  A Hell Sentinel (Dis:7)
  A tentacled monstrosity (Abyss:3)
  A quicksilver dragon (Dis:7)
  A tentacled starspawn (Abyss:3)
  A tengu reaver (Depths:2)
  3 iron dragons (Dis:7)
  A cacodemon (Pan)
  2 reapers (Dis:7)
  A spriggan defender (Depths:1)
  2 war gargoyles (Dis:7)
  A wizard (Abyss:3)
  A very ugly thing (Abyss:3)
  A purple draconian (Depths:5)
  A blizzard demon (Coc:7)
  A death ooze (Slime:5)
  A crystal guardian (Depths:2)
  A great orb of eyes (Slime:5)
  A jiangshi (Tar:7)
  A vault guard (Vaults:5)
  A ghost crab (Tar:7)
  A merfolk avatar (Abyss:3)
  A death scarab (Tomb:2)
  2 hell hogs (Geh:7)
  A shock serpent (Depths:2)
  An iron golem (Dis:7)
  A storm dragon zombie (Coc:7)
  A wretched star (Abyss:2)
  A soul eater (Tar:7)
  10 skeletal warriors
  2 shadow demons
  A ghost moth zombie (Dis:7)
  A golden dragon skeleton (Abyss:3)
  A worldbinder (Abyss:3)
  2 rust devils (Dis:7)
  A torpor snail (Lair:6)
  A dire elephant skeleton (Geh:7)
  An orange demon (Pan)
  2 hellions
  2 ice devils (Coc:7)
  2 centaur skeletons (D:15)
  2 yaktaurs
  2 guardian mummies
  3 tormentors
  3 polar bears (Lair:6)
  2 slime creatures (Slime:5)
  A raiju (Lair:6)
  An ettin zombie (Coc:7)
  An ice dragon zombie (Tar:7)
  A spriggan (shapeshifter) (Depths:2)
  A starcursed mass (Abyss:3)
  A black mamba zombie (Geh:7)
  5 flying skulls
  An ice dragon skeleton (Coc:7)
  2 wraiths (Dis:7)
  A shadow (Tar:7)
  2 ynoxinuls
  An ushabti (Tomb:3)
  2 neqoxecs (Pan)
  An insubstantial wisp (Depths:2)
  A black bear (Lair:6)
  4 wolves (Lair:6)
  A centaur (D:15)
  A crimson imp (Depths:1)
  4 iron imps (Dis:7)
  2 shadow imps
  A white imp (Coc:7)
  2 starspawn tentacles (Abyss:3)
116 creatures vanquished.

Vanquished Creatures (others)
  A pandemonium lord (Pan)
  An Ice Fiend (Pan)
  A quicksilver dragon (Dis:7)
  2 eldritch tentacles (Pan)
  A fire giant (Geh:7)
  An elemental wellspring (Coc:7)
  A merfolk impaler (Shoals:4)
  A catoblepas (Shoals:3)
  A merfolk aquamancer (Shoals:4)
  23 death scarabs (Tomb:2)
  A dancing weapon (Depths:2)
  An ogre mage (Vaults:3)
  A hell hog (Pan)
  A naga sharpshooter (Snake:4)
  A sun demon (Pan)
  A wizard (D:4)
  2 deep elf magi
  2 smoke demons (Pan)
  2 yaktaurs (Vaults:3)
  An ice devil (Pan)
  A red devil (Pan)
  A raiju (Depths:2)
  6 water elementals (Depths:2)
  An air elemental (Depths:2)
  A golden eye (shapeshifter) (Depths:2)
  A neqoxec (Pan)
  A hell hound (Geh:7)
  An orc warrior (D:14)
  3 iron imps (Dis:7)
  A mummy (Tomb:2)
  A white imp (IceCv)
  6 ufetubi (IceCv)
  23 ball lightnings
  An orc (Vaults:5)
  A ball python (shapeshifter) (Depths:2)
  A crawling corpse (Elf:3)
  12 fungi
  2 lurking horrors
  6 pillars of salt (Vaults:3)
  30 plants
  17 starspawn tentacles
  17 tentacles
  A withered plant (Snake:4)
181 creatures vanquished.

Grand Total: 6970 creatures vanquished

Notes
Turn   | Place    | Note
-------+----------+-------------------------------------------
     0 | D:1      | stburah the Formicid Fighter began the quest for the Orb.
     0 | D:1      | Reached XP level 1. HP: 18/18 MP: 1/1
    89 | D:1      | Reached XP level 2. HP: 22/24 MP: 2/2
   739 | D:2      | Reached XP level 3. HP: 29/29 MP: 3/3
   876 | D:2      | Found a radiant altar of Vehumet.
  1333 | D:2      | Reached XP level 4. HP: 33/37 MP: 4/4
  1695 | D:3      | Reached XP level 5. HP: 42/42 MP: 5/5
  1836 | D:3      | Found a stormy altar of Qazlal.
  1932 | D:3      | Found a shimmering altar of Xom.
  1932 | D:3      | Found a transporter.
  1933 | D:3      | Noticed an ogre
  1935 | D:3      | Found a glowing golden altar of the Shining One.
  1961 | D:3      | Found a transporter.
  1978 | D:3      | Noticed Jessica
  1982 | D:3      | Killed Jessica
  2264 | D:4      | Reached XP level 6. HP: 40/48 MP: 6/6
  2321 | D:4      | Found a bloodstained altar of Trog.
  2362 | D:4      | Found Tyilum's Food Shoppe.
  2390 | D:4      | Noticed Eustachio
  2454 | D:4      | Killed Eustachio
  2454 | D:4      | Reached skill level 5 in Shields
  2685 | D:4      | Reached skill level 5 in Axes
  2685 | D:4      | Reached XP level 7. HP: 32/54 MP: 7/7
  2702 | D:4      | Found an ornate altar of the Wu Jian Council.
  2881 | D:4      | Noticed a wizard
  2884 | D:4      | Killed a wizard
  2921 | D:5      | Entered Level 5 of the Dungeon
  2921 | D:5      | Found Niheun's Distillery.
  2921 | D:5      | Noticed Grinder
  2968 | D:5      | Killed Grinder
  2994 | D:5      | Reached XP level 8. HP: 48/61 MP: 8/8
  3047 | D:5      | Noticed Menkaure
  3065 | D:5      | Killed Menkaure
  3065 | D:5      | Reached skill level 5 in Armour
  3349 | D:5      | Reached skill level 5 in Fighting
  3356 | D:5      | Bought a potion of curing for 45 gold pieces
  3356 | D:5      | Bought a potion of lignification for 45 gold pieces
  3356 | D:5      | Bought a potion of might for 60 gold pieces
  3419 | D:5      | Noticed Blork the orc
  3440 | D:5      | Killed Blork the orc
  3616 | D:5      | Found a hide-covered altar of Uskayaw.
  3617 | D:5      | Noticed a dagger
  3618 | D:5      | Noticed a hand axe
  3771 | D:6      | Found a bloodstained altar of Trog.
  3796 | D:6      | Reached XP level 9. HP: 46/68 MP: 9/9
  4006 | D:6      | Found a glowing drain.
  4007 | D:6      | Found Sogyutos's Magic Scroll Shoppe.
  4039 | Sewer    | Entered a sewer
  4441 | D:6      | Found Foepligh's Antique Weapon Shop.
  4454 | D:6      | Got a polished large shield
  4465 | D:6      | Identified the +6 large shield of Activism {rF+ rC+ Str+3}
                  | (You found it on level 6 of the Dungeon)
  4828 | D:6      | Found a snail-covered altar of Cheibriados.
  4828 | D:6      | Noticed Edmund
  4845 | D:6      | Killed Edmund
  4956 | D:7      | Found a shadowy altar of Dithmenos.
  5175 | D:7      | Found a staircase to the Ecumenical Temple.
  5290 | Temple   | Entered the Ecumenical Temple
  5449 | D:7      | Reached XP level 10. HP: 69/76 MP: 10/10
  5498 | D:7      | Noticed Pikel
  5511 | D:7      | Killed Pikel
  5601 | D:7      | Reached skill level 10 in Axes
  6080 | D:8      | Noticed a two-headed ogre
  6092 | D:8      | Killed a two-headed ogre
  6214 | D:8      | Noticed a two-headed ogre
  6234 | D:8      | Killed a two-headed ogre
  6234 | D:8      | Reached skill level 10 in Shields
  6774 | D:8      | Found a sacrificial altar of Ru.
  6800 | D:8      | Reached XP level 11. HP: 84/84 MP: 11/11
  6893 | D:8      | Noticed a centaur warrior
  6900 | D:8      | Noticed a centaur warrior
  6912 | D:8      | Killed a centaur warrior
  6925 | D:8      | Killed a centaur warrior
  7267 | D:8      | Got a warped great sword {slice}
  7642 | D:8      | Found a staircase to the Lair.
  7848 | D:6      | Bought a slimy battleaxe for 322 gold pieces
  7848 | D:6      | Identified the +6 battleaxe of Scorn {protect, rN+} (You
                  | bought it in a shop on level 6 of the Dungeon)
  7937 | D:9      | Found a staircase to the Orcish Mines.
  8167 | D:3      | Became a worshipper of the Shining One
  8770 | D:9      | Found a white marble altar of Elyvilon.
  8887 | D:9      | Found a basalt altar of Yredelemnul.
  8971 | D:10     | Entered Level 10 of the Dungeon
  9008 | D:10     | Reached skill level 1 in Invocations
  9014 | D:10     | Reached skill level 1 in Evocations
  9234 | D:10     | Found a shadowy altar of Dithmenos.
  9716 | D:10     | Found a snail-covered altar of Cheibriados.
  9755 | D:11     | Found a labyrinth entrance.
  9770 | Lab      | Entered a labyrinth
  9829 | Lab      | Reached * piety under the Shining One
  9841 | Lab      | Reached XP level 12. HP: 83/93 MP: 13/13
 10182 | Lab      | Noticed a minotaur
 10193 | Lab      | Killed a minotaur
 10198 | Lab      | Found the ring of the Octopus King
 10198 | Lab      | Found the +2 robe of Vines {NoPotionHeal Regen+7}
 10198 | Lab      | Got a ring of the Octopus King
 10202 | Lab      | Identified a ring of the Octopus King {AC+1 EV+1 Str+1
                  | Int+1 Dex+1 SInv} (You found it in a labyrinth)
 10318 | D:11     | Noticed a six-headed hydra
 10341 | D:11     | Killed a six-headed hydra
 10881 | D:12     | Reached ** piety under the Shining One
 11055 | D:12     | Noticed a two-headed ogre
 11063 | D:12     | Killed a two-headed ogre
 11780 | D:13     | Identified 2 scrolls of acquirement
 11826 | D:13     | Noticed a four-headed hydra
 11832 | D:13     | Killed a four-headed hydra
 11832 | D:13     | Reached skill level 5 in Invocations
 11944 | D:13     | Noticed an unseen horror
 11963 | D:13     | Reached XP level 13. HP: 95/100 MP: 16/16
 12024 | D:13     | Reached skill level 5 in Evocations
 12064 | D:13     | Noticed a five-headed hydra
 12081 | D:13     | Killed a five-headed hydra
 12206 | D:13     | Noticed a centaur warrior
 12219 | D:13     | Killed a centaur warrior
 12334 | D:13     | Found Wesin's Antique Armour Boutique.
 12791 | D:13     | Reached *** piety under the Shining One
 13214 | D:14     | Found Efuf's Antique Weapon Emporium.
 13368 | D:14     | Noticed Azrael
 13399 | D:14     | Killed Azrael
 13734 | D:14     | Noticed a vault guard
 13764 | D:14     | Killed a vault guard
 13764 | D:14     | Reached XP level 14. HP: 109/109 MP: 19/19
 13805 | D:14     | Reached **** piety under the Shining One
 13853 | D:14     | Found a gate to the Vaults.
 13898 | D:14     | Noticed Louise
 13930 | D:14     | Killed Louise
 14047 | D:14     | Found Qotetih's Magic Scroll Shoppe.
 14299 | D:14     | Reached skill level 15 in Axes
 14309 | D:14     | Reached skill level 10 in Fighting
 14415 | D:14     | Found the +7 mace of Variability {chain chaos}
 14419 | D:14     | Found a shimmering altar of Xom.
 14453 | D:14     | Noticed Kirke
 14467 | D:14     | Noticed a sphinx
 14467 | D:14     | Killed Kirke
 14766 | D:14     | Found Efoh's General Store.
 14838 | D:14     | Found Kecliqud's Book Emporium.
 14939 | D:15     | Entered Level 15 of the Dungeon
 14949 | D:15     | Reached ***** piety under the Shining One
 15520 | D:15     | Reached XP level 15. HP: 79/116 MP: 21/21
 15809 | D:15     | Found a staircase to the Depths.
 15963 | D:15     | Found a deep blue altar of Sif Muna.
 16257 | D:13     | Bought an encrusted plate armour for 700 gold pieces
 16268 | D:13     | Identified the +2 plate armour of Pandemonium {rF++} (You
                  | bought it in a shop on level 13 of the Dungeon)
 16433 | Lair:1   | Entered Level 1 of the Lair of Beasts
 17434 | Lair:2   | Noticed Gastronok
 17445 | Lair:2   | Killed Gastronok
 17518 | Lair:2   | Found a staircase to the Snake Pit.
 17654 | Lair:2   | Noticed Prince Ribbit
 17776 | Lair:2   | Killed Prince Ribbit
 18142 | Lair:2   | Found a staircase to the Shoals.
 18467 | Lair:3   | Reached skill level 10 in Invocations
 19597 | Lair:4   | Reached XP level 16. HP: 124/124 MP: 23/23
 20654 | Lair:5   | Found an opulent altar of Gozag.
 20781 | Lair:5   | Reached skill level 10 in Evocations
 20906 | Lair:5   | Found a staircase to the Slime Pits.
 20906 | Lair:5   | Found a viscous altar of Jiyva.
 21154 | Lair:6   | Entered Level 6 of the Lair of Beasts
 21185 | Lair:6   | Found a transporter.
 21186 | Lair:6   | Noticed P0WERM0DE's ghost (journeyman DDFi)
 21194 | Lair:6   | Found a frozen archway.
 21211 | IceCv    | Entered an ice cave
 21492 | IceCv    | Reached ****** piety under the Shining One
 21548 | IceCv    | Reached skill level 15 in Shields
 22596 | Lair:6   | Found a transporter.
 23160 | Lair:6   | Reached XP level 17. HP: 94/131 MP: 25/25
 23981 | Lair:6   | Killed P0WERM0DE's ghost
 24298 | Orc:1    | Entered Level 1 of the Orcish Mines
 24423 | Orc:1    | Found Vuphakh's Assorted Antiques.
 24762 | Orc:2    | Entered Level 2 of the Orcish Mines
 24762 | Orc:2    | Noticed Saint Roka
 24771 | Orc:2    | Found Jerphixush's Antique Armour Shop.
 24839 | Orc:2    | Killed Saint Roka
 24857 | Orc:2    | Reached skill level 10 in Armour
 25250 | Orc:2    | Found Ninogy's Book Boutique.
 25271 | Orc:2    | Found Dalyer's General Store.
 25299 | Orc:2    | Bought a scroll of brand weapon for 240 gold pieces
 25299 | Orc:2    | Bought a scroll of random uselessness for 12 gold pieces
 25456 | Orc:2    | Found Feten's Weapon Emporium.
 25475 | Orc:2    | Found a roughly hewn altar of Beogh.
 25502 | Orc:2    | Found a staircase to the Elven Halls.
 25531 | Orc:2    | Found Edissomo's Antique Weapon Shop.
 25951 | D:14     | Bought a scroll of acquirement for 728 gold pieces
 25951 | D:14     | Bought a scroll of amnesia for 49 gold pieces
 25951 | D:14     | Bought 2 scrolls of identify for 56 gold pieces
 25951 | D:14     | Bought a scroll of identify for 28 gold pieces
 25951 | D:14     | Bought a scroll of identify for 28 gold pieces
 26104 | Orc:1    | Bought 2 scrolls of identify for 144 gold pieces
 26475 | Depths:1 | Entered Level 1 of the Depths
 26486 | Depths:1 | Noticed the Enchantress
 26501 | Depths:1 | You fall through a shaft!
 26841 | Depths:2 | Noticed a tengu reaver
 26845 | Depths:2 | Killed a tengu reaver
 26894 | Depths:2 | Noticed Sojobo
 26897 | Depths:2 | Noticed a tengu reaver
 26962 | Depths:2 | Killed Sojobo
 27372 | Depths:2 | Killed a tengu reaver
 27849 | Depths:2 | Got a fine copper ring
 27850 | Depths:2 | Identified the ring "Qeoloex" {rC+ Str+3 Stlth+} (You
                  | acquired it on level 2 of the Depths)
 27855 | Depths:2 | Got a translucent large shield
 27859 | Depths:2 | Got a pair of encrusted boots
 27871 | Depths:2 | Identified the +0 large shield "Nadiaqayt" {rC+ MR+ Str+4
                  | Int-4} (You acquired it on level 2 of the Depths)
 27881 | Depths:2 | Identified the +2 pair of boots "Rutied" {Str+4 Stlth+}
                  | (You acquired it on level 2 of the Depths)
 27949 | Depths:1 | Reached XP level 18. HP: 126/140 MP: 24/27
 27982 | Depths:1 | Killed the Enchantress
 28007 | Depths:1 | Got faerie dragon scales
 28241 | Depths:1 | Found a one-way gate leading to the halls of Pandemonium.
 28333 | Depths:1 | Found a gateway to Hell.
 28601 | Depths:1 | You fall through a shaft!
 28681 | Depths:1 | Noticed a lich
 28707 | Depths:1 | Killed a lich
 29076 | Depths:1 | Found a one-way gate to the infinite horrors of the Abyss.
 29230 | Depths:1 | Found a runed door.
 29302 | Depths:1 | Got a crude silver ring
 30137 | Depths:2 | Found the +9 heavy crossbow "Sniper" {velocity, Acc+โˆž SInv}
 30722 | Depths:2 | Reached XP level 19. HP: 105/148 MP: 29/29
 30933 | Depths:2 | Gained mutation: Armour fits poorly on your strangely
                  | shaped body. [a neqoxec]
 31264 | Depths:2 | Found the +7 Spriggan's Knife {MR+ EV+4 Dex+4 Stlth+}
 31268 | Depths:2 | Identified the Disquisition on Attacks
 31325 | Depths:2 | Found a gateway to a ziggurat.
 31415 | Depths:3 | Noticed Margery
 31558 | Depths:3 | Killed Margery
 31757 | Depths:1 | Identified the ring "Pitakurph" {Str+4 Stlth-} (You took it
                  | off a vampire mage on level 1 of the Depths)
 32764 | Depths:3 | Noticed a juggernaut
 32779 | Depths:3 | Killed a juggernaut
 32784 | Depths:3 | Noticed a golden dragon
 32798 | Depths:3 | Killed a golden dragon
 33169 | Depths:3 | Reached XP level 20. HP: 157/157 MP: 30/30
 34874 | Depths:4 | Reached skill level 15 in Invocations
 35345 | Depths:4 | Found a large runed door.
 35345 | Depths:4 | Found a large runed door.
 35350 | Depths:4 | Noticed Genyextu's ghost (veteran GrFi)
 35424 | Depths:4 | Killed Genyextu's ghost
 35622 | Depths:5 | Entered Level 5 of the Depths
 35629 | Depths:4 | Got a brightly glowing ivory ring
 35631 | Depths:4 | Identified the ring of Yendor {+Blink rPois Stlth+} (You
                  | acquired it on level 4 of the Depths)
 35649 | Depths:5 | Noticed a tentacled monstrosity
 35715 | Depths:4 | Killed a tentacled monstrosity
 35715 | Depths:4 | Reached XP level 21. HP: 159/165 MP: 28/32
 36206 | Depths:5 | Noticed a juggernaut
 36220 | Depths:5 | Killed a juggernaut
 37864 | Depths:5 | Found a gate to the Realm of Zot.
 38398 | Snake:1  | Entered Level 1 of the Snake Pit
 38623 | Snake:1  | Reached XP level 22. HP: 39/174 MP: 27/34
 38634 | Snake:1  | Reached skill level 15 in Evocations
 39184 | Snake:1  | Noticed Frances
 39203 | Snake:1  | Killed Frances
 39586 | Snake:1  | Upgraded the game from 0.23-a0-163-g800ba1ec23 to
                  | 0.23-a0-164-g7711e572f3
 39731 | Snake:2  | Found a snail-covered altar of Cheibriados.
 39927 | Snake:2  | Reached skill level 15 in Fighting
 40062 | Snake:2  | Got a pair of encrusted boots
 40063 | Snake:2  | Identified the +1 pair of boots of the Thirteen Stories
                  | {rF+ Int+7 Dex-4} (You found it on level 2 of the Snake
                  | Pit)
 40798 | Snake:3  | Noticed Vashnia
 40847 | Snake:3  | Killed Vashnia
 41254 | Snake:3  | Found Ynlenin's Antique Weapon Boutique.
 41254 | Snake:3  | Found Rimeyx's Food Boutique.
 41260 | Snake:3  | Found Qunwypp's Antique Weapon Boutique.
 41263 | Snake:3  | Found Anluohen's Weapon Boutique.
 41378 | Snake:4  | Entered Level 4 of the Snake Pit
 41466 | Snake:4  | Found a runed door.
 41466 | Snake:4  | Noticed P0WERM0DE's ghost (journeyman DDFi)
 41477 | Snake:4  | Killed P0WERM0DE's ghost
 41501 | Snake:4  | Got a pitted lead ring
 41504 | Snake:4  | Identified the ring of Aryh {rF+ Str+3} (You found it on
                  | level 4 of the Snake Pit)
 42631 | Snake:4  | Reached XP level 23. HP: 143/182 MP: 35/35
 42702 | Snake:4  | Got a serpentine rune of Zot
 42905 | Shoals:1 | Entered Level 1 of the Shoals
 43238 | Shoals:1 | You fall through a shaft!
 45464 | Shoals:4 | Entered Level 4 of the Shoals
 45700 | Shoals:4 | Noticed Polyphemus
 45722 | Shoals:4 | Killed Polyphemus
 45926 | Shoals:4 | Got a vibrating bronze ring
 45927 | Shoals:4 | Identified the ring "Uhetwyut" {rN++ MR- AC+4 Stlth+} (You
                  | found it on level 4 of the Shoals)
 47255 | Shoals:4 | Cast into level 2 of the Abyss (merfolk aquamancer)
 47294 | Abyss:2  | Lost mutation: Armour fits poorly on your strangely shaped
                  | body. [potion of mutation]
 47294 | Abyss:2  | Gained mutation: You are partially covered in thin metallic
                  | scales. (AC +2) [potion of mutation]
 47294 | Abyss:2  | Gained mutation: You are robust. (+10% HP) [potion of
                  | mutation]
 47309 | Abyss:2  | Reached XP level 24. HP: 152/210 MP: 35/35
 47487 | Abyss:2  | Gained mutation: Scrolls take you a little longer to read.
                  | [a cacodemon]
 47509 | Shoals:4 | Escaped the Abyss
 47764 | Shoals:4 | Got a barnacled rune of Zot
 48108 | Vaults:1 | Entered Level 1 of the Vaults
 49107 | Vaults:1 | Identified Xytucw's Handbook of the Damaging Compass
 50233 | Vaults:2 | Found Irregite's Armour Shop.
 50932 | Vaults:3 | Noticed Jory
 50955 | Vaults:3 | Killed Jory
 50955 | Vaults:3 | Reached XP level 25. HP: 210/220 MP: 35/36
 51012 | Vaults:3 | Found Kevia's Jewellery Boutique.
 51227 | Vaults:3 | Noticed Asterion
 51229 | Vaults:3 | Found a ruined gateway.
 51248 | Vaults:3 | Killed Asterion
 51250 | Desolati | Entered the Desolation of Salt
 51566 | Desolati | Found the -2 hat of the Alchemist {rElec rPois rF+ rC+ rN+
                  | MR+ rMut rCorr}
 51672 | Desolati | Identified the Tome of Flying Enhancements
 51675 | Desolati | Got a twitching zirconium amulet
 51685 | Desolati | Identified the Almanac of the Displaced Snowflakes
 51703 | Desolati | Identified the amulet of Miracles {+Rage rElec rPois rF++
                  | Str-3} (You found it in the Desolation of Salt)
 51738 | Desolati | Got a translucent lead amulet
 51741 | Desolati | Identified the amulet "Raiwos" {Faith rPois MP+9 Str-3
                  | Dex+2} (You found it in the Desolation of Salt)
 51953 | Desolati | Got a fine marble ring
 51978 | Desolati | Identified the ring of Curiosity {+Fly rF+ Str+2 Dex-3}
                  | (You found it in the Desolation of Salt)
 51980 | Desolati | Got a scintillating granite ring
 51983 | Desolati | Identified the ring "Igyjoite" {rN+ Str+4 Int+5} (You found
                  | it in the Desolation of Salt)
 52868 | Vaults:3 | Reached XP level 26. HP: 232/232 MP: 36/36
 52931 | Vaults:3 | Found a staircase to the Crypt.
 53072 | Vaults:3 | Found a shimmering altar of Xom.
 53222 | Vaults:3 | Noticed Boris
 53233 | Vaults:3 | Killed Boris
 53871 | Vaults:4 | Found a runed door.
 53871 | Vaults:4 | Noticed Sydeak's ghost (veteran CeHu)
 55050 | Vaults:4 | Killed Sydeak's ghost
 55299 | Vaults:5 | Entered Level 5 of the Vaults
 55366 | Vaults:5 | Reached XP level 27. HP: 103/240 MP: 36/36
 55500 | Vaults:5 | Noticed Mennas
 55529 | Vaults:5 | Killed Mennas
 55842 | Vaults:5 | Got a pair of transparent gloves
 55853 | Vaults:5 | Identified the cursed +0 pair of gloves "Vosmum" {rF++ rN+
                  | Int+3} (You found it on level 5 of the Vaults)
 55895 | Vaults:5 | Got a silver rune of Zot
 56037 | Vaults:5 | Got a steaming wooden ring
 56047 | Vaults:5 | Identified the ring of Seorghea {rElec rPois Slay+3} (You
                  | found it on level 5 of the Vaults)
 56146 | Vaults:5 | Found Kodoin's Antique Armour Emporium.
 56440 | Vaults:5 | Found Jeiseuc's Magic Scroll Boutique.
 56446 | Vaults:5 | Bought a scroll of acquirement for 728 gold pieces
 56446 | Vaults:5 | Bought a scroll of magic mapping for 49 gold pieces
 56446 | Vaults:5 | Bought a scroll of enchant weapon for 105 gold pieces
 56991 | Zot:1    | Entered Level 1 of the Realm of Zot
 57185 | Depths:4 | Voluntarily entered the Abyss.
 57326 | Abyss:1  | Found an opulent altar of Gozag.
 59405 | Abyss:3  | Found a corrupted altar of Lugonu.
 59476 | Abyss:3  | Got an abyssal rune of Zot
 59719 | Depths:4 | Escaped the Abyss
 60536 | Crypt:1  | Entered Level 1 of the Crypt
 60791 | Depths:1 | Identified a +2 executioner's axe of holy wrath (a +0
                  | executioner's axe of electrocution blessed by the Shining
                  | One)
 60791 | Depths:1 | Received a gift from the Shining One
 62523 | Crypt:3  | Entered Level 3 of the Crypt
 62752 | Crypt:3  | Found a staircase to the Tomb.
 62914 | Crypt:3  | Noticed an ancient lich
 62920 | Crypt:3  | Killed an ancient lich
 62928 | Crypt:3  | Found a basalt altar of Yredelemnul.
 62933 | Crypt:3  | Found an ancient bone altar of Kikubaaqudgha.
 62934 | Crypt:3  | Got a warped ruby amulet
 62952 | Crypt:3  | Identified the Guide on Black Rites
 63010 | Crypt:3  | Got a twitching silver ring
 63010 | Crypt:3  | Got a coiled platinum ring
 63010 | Crypt:3  | Got a transparent tin ring
 63012 | Crypt:3  | Got a coiled golden ring
 63020 | Crypt:3  | Identified the amulet of Ocsinuat {Faith Str+3} (You took
                  | it off an ancient champion on level 3 of the Crypt)
 63022 | Crypt:3  | Identified the ring of Xiosipriyz {*Slow rC+ rN+ SInv} (You
                  | found it on level 3 of the Crypt)
 63024 | Crypt:3  | Identified the ring of Haokhlaf {rC+ rN+ MR+} (You found it
                  | on level 3 of the Crypt)
 63026 | Crypt:3  | Identified the ring of Xuod {rN+ MP+9} (You found it on
                  | level 3 of the Crypt)
 63028 | Crypt:3  | Identified the ring "Uzoxy" {rPois Str+4} (You found it on
                  | level 3 of the Crypt)
 63900 | Elf:1    | Entered Level 1 of the Elven Halls
 64981 | Elf:2    | Noticed Agnes
 64988 | Elf:2    | Killed Agnes
 65123 | Elf:2    | Found a runed gate.
 65123 | Elf:2    | Found a runed gate.
 65124 | Elf:2    | Found a runed gate.
 65316 | Elf:2    | Noticed Donald
 65324 | Elf:2    | Killed Donald
 65571 | Elf:3    | Entered Level 3 of the Elven Halls
 66292 | Elf:3    | Identified the Tome of Feathers and Toxins
 66354 | Elf:3    | Identified the Disquisition on the Mountains and Feathers
 66405 | Elf:3    | Identified the Disquisition on Dusty Talismans
 66414 | Elf:3    | Got a flickering copper ring
 66459 | Elf:3    | Identified the ring of Etuahauf {Fire *Corrode rElec Int+2
                  | Dex+5} (You found it on level 3 of the Elven Halls)
 67584 | Slime:1  | Entered Level 1 of the Pits of Slime
 68939 | Zot:1    | Reached skill level 27 in Shields
 69170 | Zot:1    | Noticed an orb of fire
 69182 | Zot:1    | Gained mutation: You are weak. (Str -2) [an orb of fire]
 69188 | Zot:1    | Gained mutation: You are dopey. (Int -2) [an orb of fire]
 69192 | Zot:1    | Gained mutation: Your magical capacity is low. (-10% MP)
                  | [an orb of fire]
 69195 | Zot:1    | Gained mutation: You evolve. [an orb of fire]
 69197 | Zot:1    | Gained mutation: You occasionally shout uncontrollably at
                  | your foes. [an orb of fire]
 69199 | Zot:1    | Gained mutation: You are very weak. (Str -4) [an orb of
                  | fire]
 69205 | Zot:1    | Killed an orb of fire
 69626 | Zot:2    | Gained mutation: You are surrounded by a mild repulsion
                  | field. (EV +2) [evolution]
 69735 | Zot:2    | Reached skill level 15 in Armour
 70583 | D:14     | Bought a scroll of enchant armour for 105 gold pieces
 71100 | Slime:5  | Entered Level 5 of the Pits of Slime
 71125 | Slime:5  | Gained mutation: Armour fits poorly on your strangely
                  | shaped body. [a shining eye]
 71126 | Slime:5  | Gained mutation: Scrolls take you longer to read. [a
                  | shining eye]
 71127 | Slime:5  | Gained mutation: You are very dopey. (Int -4) [a shining
                  | eye]
 71130 | Slime:5  | Gained mutation: Your body sometimes deteriorates upon
                  | taking damage. [a shining eye]
 71556 | Slime:5  | Found a viscous altar of Jiyva.
 71633 | Slime:5  | Noticed the Royal Jelly
 71649 | Slime:5  | Killed the Royal Jelly
 71668 | Slime:5  | Gained mutation: Scrolls take you much longer to read. [a
                  | shining eye]
 71670 | Slime:5  | Gained mutation: You are clumsy. (Dex -2) [a shining eye]
 71698 | Slime:5  | Identified the Grimoire of Shifting Clay
 71777 | Slime:5  | Got a slimy rune of Zot
 71778 | Slime:5  | Identified Spellweaving, Part One
 72232 | Depths:1 | Lost mutation: You are surrounded by a mild repulsion
                  | field. (EV +2) [potion of mutation]
 72232 | Depths:1 | Lost mutation: Armour fits poorly on your strangely shaped
                  | body. [potion of mutation]
 72232 | Depths:1 | Lost mutation: You are partially covered in thin metallic
                  | scales. (AC +2) [potion of mutation]
 72232 | Depths:1 | Gained mutation: You are partially covered in thin metallic
                  | scales. (AC +2) [potion of mutation]
 72233 | Depths:1 | Lost mutation: You are very weak. (Str -4) [potion of
                  | mutation]
 72233 | Depths:1 | Lost mutation: You are clumsy. (Dex -2) [potion of
                  | mutation]
 72233 | Depths:1 | Lost mutation: You are weak. (Str -2) [potion of mutation]
 72233 | Depths:1 | Lost mutation: Your magical capacity is low. (-10% MP)
                  | [potion of mutation]
 72233 | Depths:1 | Gained mutation: Your muscles are strong. (Str +2) [potion
                  | of mutation]
 72233 | Depths:1 | Gained mutation: You are very robust. (+20% HP) [potion of
                  | mutation]
 72656 | Pan      | Entered Pandemonium
 72663 | Pan      | Noticed Ischotaym the pandemonium lord
 72676 | Pan      | Killed Ischotaym the pandemonium lord
 73693 | Pan      | Noticed Boaff the pandemonium lord
 73728 | Pan      | Killed Boaff the pandemonium lord
 74272 | Pan      | Noticed Qefakh the pandemonium lord
 74569 | Pan      | Got a sparkling gossamer ring
 74808 | Pan      | Killed Qefakh the pandemonium lord
 75116 | Pan      | Got a demonic rune of Zot
 75388 | Pan      | Got a transparent plate armour
 75392 | Pan      | Identified the +9 plate armour of Altruism {rElec rF+ rN++
                  | Str-4} (You found it in Pandemonium)
 75395 | Pan      | Identified the ring "Ysuguthremi" {rCorr Dex+3} (You found
                  | it in Pandemonium)
 75544 | Pan      | Noticed Zoplihag the pandemonium lord
 75545 | Pan      | Gained mutation: Your body often deteriorates upon taking
                  | damage. [a cacodemon]
 75573 | Pan      | Killed Zoplihag the pandemonium lord
 76491 | Pan      | Found an exit through the horrors of the Abyss.
 76562 | Pan      | Gained mutation: Your magical capacity is low. (-10% MP) [a
                  | cacodemon]
 76563 | Pan      | Lost mutation: Your muscles are strong. (Str +2) [a
                  | cacodemon]
 76781 | Pan      | Noticed Focvuuf the pandemonium lord
 76788 | Pan      | Killed Focvuuf the pandemonium lord
 77613 | Pan      | Noticed Viukeg the pandemonium lord
 77624 | Pan      | Killed Viukeg the pandemonium lord
 77902 | Pan      | Found an exit through the horrors of the Abyss.
 78595 | Pan      | Found an exit through the horrors of the Abyss.
 78647 | Pan      | Noticed Tynneliu the pandemonium lord
 78661 | Pan      | Killed Tynneliu the pandemonium lord
 78672 | Pan      | Reached skill level 27 in Axes
 78691 | Pan      | Entered the realm of Gloorx Vloq.
 79092 | Pan      | Noticed Gloorx Vloq
 79123 | Pan      | Killed Gloorx Vloq
 79498 | Pan      | Got a dark rune of Zot
 79695 | Pan      | Found an exit through the horrors of the Abyss.
 80362 | Pan      | Found an exit through the horrors of the Abyss.
 80404 | Pan      | Gained mutation: Your magical capacity is very low. (-20%
                  | MP) [a cacodemon]
 80848 | Pan      | Noticed Enoulit the pandemonium lord
 80865 | Pan      | Killed Enoulit the pandemonium lord
 81161 | Pan      | Noticed Rihodot the pandemonium lord
 81220 | Pan      | Killed Rihodot the pandemonium lord
 81513 | Pan      | Found an exit through the horrors of the Abyss.
 81638 | Pan      | Noticed Runij the pandemonium lord
 81641 | Pan      | Killed Runij the pandemonium lord
 82538 | Pan      | Entered the realm of Lom Lobon.
 82756 | Pan      | Noticed Lom Lobon
 82772 | Pan      | Killed Lom Lobon
 82895 | Pan      | Got a magical rune of Zot
 83337 | Pan      | Lost mutation: Your body often deteriorates upon taking
                  | damage. [evolution]
 83618 | Pan      | Gained mutation: You sometimes yell uncontrollably at your
                  | foes. [a cacodemon]
 83827 | Pan      | Noticed Hufetael the pandemonium lord
 83843 | Pan      | Killed Hufetael the pandemonium lord
 83983 | Pan      | Found an exit through the horrors of the Abyss.
 84152 | Pan      | Reached skill level 27 in Fighting
 84331 | Pan      | Entered the realm of Cerebov.
 84331 | Pan      | Found an exit through the horrors of the Abyss.
 84644 | Pan      | Got a glittering silver ring
 84744 | Pan      | Noticed Cerebov
 84777 | Pan      | Killed Cerebov
 85065 | Pan      | Got a fiery rune of Zot
 85416 | Pan      | Identified the ring "Poclony" {Ice -Tele +Inv MP+9} (You
                  | took it off a balrug in Pandemonium)
 85649 | Pan      | Noticed Carr the pandemonium lord
 85657 | Pan      | Killed Carr the pandemonium lord
 85715 | Pan      | Reached skill level 27 in Invocations
 86293 | Pan      | Entered the realm of Mnoleg.
 86298 | Pan      | Noticed Mnoleg
 86298 | Pan      | Gained mutation: You do not regenerate when monsters are
                  | visible. [a neqoxec]
 86304 | Pan      | Gained mutation: Your body often deteriorates upon taking
                  | damage. [a neqoxec]
 86348 | Pan      | Killed Mnoleg
 86394 | Pan      | Gained mutation: Your spells are a little easier to cast,
                  | but a little less powerful. [a neqoxec]
 86444 | Pan      | Got a glowing rune of Zot
 86541 | Pan      | Gained mutation: Your magical capacity is extremely low.
                  | (-30% MP) [a neqoxec]
 86717 | Pan      | Lost mutation: You are very robust. (+20% HP) [a neqoxec]
 86726 | Pan      | Found an exit through the horrors of the Abyss.
 86867 | Pan      | Gained mutation: Your spells are easier to cast, but less
                  | powerful. [a shining eye]
 86978 | Pan      | Gained mutation: You are clumsy. (Dex -2) [a neqoxec]
 87097 | Pan      | Gained mutation: Your spells are much easier to cast, but
                  | much less powerful. [a cacodemon]
 87321 | Pan      | Gained mutation: You are weak. (Str -2) [a neqoxec]
 87640 | Pan      | Found an exit through the horrors of the Abyss.
 87669 | Pan      | Noticed Qautt the pandemonium lord
 87676 | Pan      | Killed Qautt the pandemonium lord
 88834 | Pan      | Noticed Rigyclir the pandemonium lord
 88896 | Pan      | Killed Rigyclir the pandemonium lord
 89094 | Pan      | Found a huge runed gate.
 89394 | Pan      | Identified Ymug's Catalogue of the Voyage and
                  | Transmigration
 90007 | Pan      | Noticed Anahog the pandemonium lord
 90027 | Pan      | Killed Anahog the pandemonium lord
 90161 | Pan      | Gained mutation: You frequently scream uncontrollably at
                  | your foes. [a neqoxec]
 90361 | Pan      | Noticed Wezeidic the pandemonium lord
 90370 | Pan      | Killed Wezeidic the pandemonium lord
 90433 | Pan      | Gained mutation: You are very weak. (Str -4) [a neqoxec]
 90510 | Pan      | Gained mutation: Armour fits poorly on your strangely
                  | shaped body. [a cacodemon]
 90511 | Pan      | Lost mutation: You are robust. (+10% HP) [a cacodemon]
 90563 | Pan      | Found an exit through the horrors of the Abyss.
 91158 | Pan      | Noticed Huismov the pandemonium lord
 91167 | Pan      | Gained mutation: You are frail. (-10% HP) [a cacodemon]
 91211 | Pan      | Killed Huismov the pandemonium lord
 91267 | Pan      | Found an exit through the horrors of the Abyss.
 91853 | Pan      | Lost mutation: Your body often deteriorates upon taking
                  | damage. [potion of mutation]
 91853 | Pan      | Lost mutation: You are frail. (-10% HP) [potion of
                  | mutation]
 91853 | Pan      | Lost mutation: You are very weak. (Str -4) [potion of
                  | mutation]
 91853 | Pan      | Lost mutation: You are very dopey. (Int -4) [potion of
                  | mutation]
 91927 | Pan      | Gained mutation: You are very clumsy. (Dex -4) [a neqoxec]
 92038 | Pan      | Noticed Atov Keo the pandemonium lord
 92050 | Pan      | Killed Atov Keo the pandemonium lord
 92250 | Pan      | Gained mutation: You have sharp toenails. [evolution]
 93023 | Pan      | Noticed Badot the pandemonium lord
 93034 | Pan      | Killed Badot the pandemonium lord
 93398 | Pan      | Upgraded the game from 0.23-a0-164-g7711e572f3 to
                  | 0.23-a0-167-gf92cf62f8f
 93468 | Pan      | Found an exit through the horrors of the Abyss.
 93803 | Pan      | Gained mutation: You are frail. (-10% HP) [a cacodemon]
 93881 | Pan      | Found an exit through the horrors of the Abyss.
 94094 | Pan      | Noticed Wisiacrio the pandemonium lord
 94102 | Pan      | Killed Wisiacrio the pandemonium lord
 94735 | Pan      | Reached skill level 27 in Armour
 94896 | Pan      | Reached skill level 27 in Evocations
 94901 | Pan      | Reached skill level 1 in Crossbows
 94914 | Pan      | Reached skill level 1 in Spellcasting
 95577 | Pan      | Noticed Aqioje the pandemonium lord
 95583 | Pan      | Killed Aqioje the pandemonium lord
 95583 | Pan      | Reached skill level 5 in Crossbows
 95583 | Pan      | Reached skill level 5 in Spellcasting
 95821 | Pan      | Cast into level 5 of the Abyss (a Zot trap)
 95821 | Abyss:5  | Entered Level 5 of the Abyss
 95939 | Abyss:5  | Gained mutation: You are very dopey. (Int -4) [a neqoxec]
 96027 | Pan      | Escaped the Abyss
 96418 | Pan      | Gained mutation: You are very weak. (Str -4) [a neqoxec]
 96975 | Pan      | Noticed Seyfri the pandemonium lord
 96986 | Pan      | Killed Seyfri the pandemonium lord
 97020 | Pan      | Found an exit through the horrors of the Abyss.
 97077 | Pan      | Noticed Tivymo the pandemonium lord
 97107 | Pan      | Killed Tivymo the pandemonium lord
 97193 | Pan      | Found an exit through the horrors of the Abyss.
 97271 | Pan      | Reached skill level 10 in Crossbows
 97811 | Pan      | Reached skill level 10 in Spellcasting
 97895 | Pan      | Noticed Feaplink the pandemonium lord
 97906 | Pan      | Killed Feaplink the pandemonium lord
 97943 | Pan      | Gained mutation: You are very frail. (-20% HP) [a
                  | cacodemon]
 98031 | Pan      | Found a runed door.
 98081 | Pan      | Gained mutation: You are extremely frail. (-30% HP) [a
                  | cacodemon]
 98243 | Pan      | Found an exit through the horrors of the Abyss.
 98760 | Pan      | Found an exit through the horrors of the Abyss.
 99156 | Pan      | Noticed Qycia the pandemonium lord
 99171 | Pan      | Killed Qycia the pandemonium lord
 99297 | Pan      | Found an exit through the horrors of the Abyss.
 99542 | Pan      | Noticed Qanin the pandemonium lord
 99567 | Pan      | Killed Qanin the pandemonium lord
100369 | Pan      | Noticed Woacakh the pandemonium lord
100385 | Pan      | Killed Woacakh the pandemonium lord
100849 | Pan      | Found an exit through the horrors of the Abyss.
100885 | Pan      | Noticed Joetuudo the pandemonium lord
100902 | Pan      | Killed Joetuudo the pandemonium lord
101433 | Pan      | Reached skill level 15 in Crossbows
101568 | Pan      | Reached skill level 15 in Spellcasting
101935 | Pan      | Found an exit through the horrors of the Abyss.
101942 | Pan      | Noticed Sojaor the pandemonium lord
101949 | Pan      | Killed Sojaor the pandemonium lord
102010 | Pan      | Gained mutation: You have sharp fingernails. [evolution]
102133 | Pan      | Found an exit through the horrors of the Abyss.
102237 | Pan      | Gained mutation: Your body often deteriorates upon taking
                  | damage. [a neqoxec]
102243 | Pan      | Noticed Riesovew the pandemonium lord
102243 | Pan      | Gained mutation: Potions are less effective at restoring
                  | your health. [a neqoxec]
102267 | Pan      | Killed Riesovew the pandemonium lord
102826 | Pan      | Noticed Ocsocaha the pandemonium lord
102842 | Pan      | Killed Ocsocaha the pandemonium lord
103349 | Pan      | Found an exit through the horrors of the Abyss.
104061 | Pan      | Gained mutation: Potions are poor at restoring your health.
                  | [a cacodemon]
104390 | Pan      | Lost mutation: You are very weak. (Str -4) [a cacodemon]
104515 | Pan      | Lost intelligence.
104987 | Pan      | Gained mutation: You are very weak. (Str -4) [a cacodemon]
105243 | Pan      | Gained mutation: Potions cannot restore your health. [a
                  | cacodemon]
105372 | Pan      | Lost intelligence.
105477 | Pan      | Noticed Javvue the pandemonium lord
105494 | Pan      | Killed Javvue the pandemonium lord
106794 | Pan      | Noticed Yppadyja the pandemonium lord
106801 | Pan      | Killed Yppadyja the pandemonium lord
106884 | Pan      | Found an exit through the horrors of the Abyss.
107321 | Pan      | Found a huge runed gate.
107385 | Pan      | Noticed Buyk the pandemonium lord
107390 | Pan      | Killed Buyk the pandemonium lord
107401 | Pan      | Found an exit through the horrors of the Abyss.
108389 | Pan      | Noticed Xylolil the pandemonium lord
108394 | Pan      | Killed Xylolil the pandemonium lord
108708 | Pan      | Found an exit through the horrors of the Abyss.
109156 | Pan      | Noticed Ergheruga the pandemonium lord
109166 | Pan      | Killed Ergheruga the pandemonium lord
109228 | Pan      | Found an exit through the horrors of the Abyss.
109706 | Pan      | Found an exit through the horrors of the Abyss.
109880 | Pan      | Noticed Upaicoan the pandemonium lord
109891 | Pan      | Cast into level 3 of the Abyss (lajatang of distortion)
109891 | Abyss:3  | Found a corrupted altar of Lugonu.
110051 | Pan      | Escaped the Abyss
110074 | Pan      | Killed Upaicoan the pandemonium lord
110673 | Pan      | Noticed Weackeen the pandemonium lord
110676 | Pan      | Found an exit through the horrors of the Abyss.
110686 | Pan      | Killed Weackeen the pandemonium lord
111577 | Pan      | Noticed Oni Poiph the pandemonium lord
111603 | Pan      | Killed Oni Poiph the pandemonium lord
111839 | Pan      | Lost mutation: Your magical capacity is extremely low.
                  | (-30% MP) [evolution]
112301 | Pan      | Gained mutation: Your magical capacity is extremely low.
                  | (-30% MP) [a neqoxec]
112309 | Pan      | Noticed Waem the pandemonium lord
112342 | Pan      | Killed Waem the pandemonium lord
113535 | Pan      | Noticed Peafixt the pandemonium lord
113546 | Pan      | Killed Peafixt the pandemonium lord
113770 | Pan      | Found an exit through the horrors of the Abyss.
114310 | Pan      | Got a bound brass ring
114314 | Pan      | Identified the ring of Doubt {+Inv rF- rC+ MR+} (You found
                  | it in Pandemonium)
114568 | Pan      | Noticed Uneiggom the pandemonium lord
114591 | Pan      | Killed Uneiggom the pandemonium lord
115310 | Pan      | Noticed Qeidder the pandemonium lord
115321 | Pan      | Killed Qeidder the pandemonium lord
115618 | Pan      | Found an exit through the horrors of the Abyss.
116045 | Pan      | Noticed Hadukk the pandemonium lord
116056 | Pan      | Killed Hadukk the pandemonium lord
117071 | Pan      | Noticed Annitaed the pandemonium lord
117085 | Pan      | Killed Annitaed the pandemonium lord
118212 | Pan      | Noticed Afegh the pandemonium lord
118226 | Pan      | Killed Afegh the pandemonium lord
118951 | Pan      | Reached skill level 27 in Crossbows
119024 | Pan      | Found an exit through the horrors of the Abyss.
119307 | Pan      | Noticed Xyr Isot the pandemonium lord
119312 | Pan      | Killed Xyr Isot the pandemonium lord
120003 | Depths:3 | Escaped Pandemonium
120139 | Depths:1 | Lost mutation: Scrolls take you much longer to read.
                  | [potion of mutation]
120139 | Depths:1 | Lost mutation: You do not regenerate when monsters are
                  | visible. [potion of mutation]
120140 | Depths:1 | Lost mutation: You frequently scream uncontrollably at your
                  | foes. [potion of mutation]
120140 | Depths:1 | Lost mutation: Scrolls take you longer to read. [potion of
                  | mutation]
120140 | Depths:1 | Lost mutation: Your body often deteriorates upon taking
                  | damage. [potion of mutation]
120140 | Depths:1 | Gained mutation: You possess an exceptional clarity of
                  | mind. [potion of mutation]
120141 | Depths:1 | Lost mutation: You are very weak. (Str -4) [potion of
                  | mutation]
120141 | Depths:1 | Lost mutation: You have sharp fingernails. [potion of
                  | mutation]
120141 | Depths:1 | Lost mutation: You are very clumsy. (Dex -4) [potion of
                  | mutation]
120141 | Depths:1 | Lost mutation: You are weak. (Str -2) [potion of mutation]
120142 | Depths:1 | Lost mutation: You are extremely frail. (-30% HP) [potion
                  | of mutation]
120142 | Depths:1 | Lost mutation: You are partially covered in thin metallic
                  | scales. (AC +2) [potion of mutation]
120142 | Depths:1 | Lost mutation: Your magical capacity is extremely low.
                  | (-30% MP) [potion of mutation]
120142 | Depths:1 | Lost mutation: You have sharp toenails. [potion of
                  | mutation]
120142 | Depths:1 | Lost mutation: Your spells are much easier to cast, but
                  | much less powerful. [potion of mutation]
120142 | Depths:1 | Lost mutation: You are clumsy. (Dex -2) [potion of
                  | mutation]
120143 | Depths:1 | Lost mutation: Your body sometimes deteriorates upon taking
                  | damage. [potion of mutation]
120143 | Depths:1 | Lost mutation: Scrolls take you a little longer to read.
                  | [potion of mutation]
120143 | Depths:1 | Lost mutation: Your magical capacity is very low. (-20% MP)
                  | [potion of mutation]
120143 | Depths:1 | Lost mutation: Armour fits poorly on your strangely shaped
                  | body. [potion of mutation]
120143 | Depths:1 | Gained mutation: You passively map a small area around you.
                  | [potion of mutation]
120144 | Depths:1 | Lost mutation: You sometimes yell uncontrollably at your
                  | foes. [potion of mutation]
120144 | Depths:1 | Lost mutation: Your magical capacity is low. (-10% MP)
                  | [potion of mutation]
120144 | Depths:1 | Lost mutation: You are very frail. (-20% HP) [potion of
                  | mutation]
120144 | Depths:1 | Lost mutation: You are frail. (-10% HP) [potion of
                  | mutation]
120144 | Depths:1 | Gained mutation: Your natural rate of healing is unusually
                  | fast. [potion of mutation]
120145 | Depths:1 | Lost mutation: You are very dopey. (Int -4) [potion of
                  | mutation]
120145 | Depths:1 | Lost mutation: You are dopey. (Int -2) [potion of mutation]
120145 | Depths:1 | Lost mutation: Potions cannot restore your health. [potion
                  | of mutation]
120145 | Depths:1 | Lost mutation: You occasionally shout uncontrollably at
                  | your foes. [potion of mutation]
120145 | Depths:1 | Gained mutation: Your mind is acute. (Int +2) [potion of
                  | mutation]
120145 | Depths:1 | Gained mutation: You are partially covered in yellow
                  | scales. (AC +2) [potion of mutation]
120163 | Depths:1 | Got an ichor-stained arbalest
120184 | Depths:1 | Identified the +8 arbalest "Cuto" {penet, Str+5 Int+2
                  | Stlth+} (You acquired it on level 1 of the Depths)
120267 | Hell     | Entered the Vestibule of Hell
120267 | Hell     | Noticed Geryon
120303 | Hell     | Noticed Murray
120308 | Hell     | Killed Geryon
120323 | Hell     | Killed Murray
120413 | Hell     | Found a gateway to the Iron City of Dis.
120507 | Hell     | Found a gateway to the decaying netherworld of Tartarus.
120520 | Tar:1    | Entered Level 1 of Tartarus
120526 | Tar:1    | You fall through a shaft!
120529 | Tar:2    | You fall through a shaft for 2 floors!
120532 | Tar:4    | You fall through a shaft for 2 floors!
120535 | Tar:6    | You fall through a shaft!
120535 | Tar:7    | Entered Level 7 of Tartarus
120639 | Tar:7    | Got a pair of distressingly furry gloves
120640 | Tar:7    | Identified the cursed -4 pair of gloves of Xinasuf {rPois
                  | rC- Str+5 Stlth+} (You found it on level 7 of Tartarus)
120995 | Tar:7    | Reached skill level 27 in Spellcasting
120996 | Tar:7    | Reached skill level 1 in Stealth
121016 | Tar:7    | Learned a level 1 spell: Sandblast
121021 | Tar:7    | Reached skill level 1 in Earth Magic
121205 | Tar:7    | Reached skill level 5 in Earth Magic
121638 | Tar:7    | Noticed Ereshkigal
121669 | Tar:7    | Killed Ereshkigal
121686 | Tar:7    | Got a bone rune of Zot
121744 | Tar:7    | Reached skill level 10 in Earth Magic
122080 | Hell     | Found a gateway to the freezing wastes of Cocytus.
122101 | Coc:1    | Entered Level 1 of Cocytus
122105 | Coc:1    | You fall through a shaft!
122108 | Coc:2    | You fall through a shaft!
122111 | Coc:3    | You fall through a shaft for 3 floors!
122114 | Coc:6    | You fall through a shaft!
122114 | Coc:7    | Entered Level 7 of Cocytus
122428 | Coc:7    | Reached skill level 15 in Earth Magic
122430 | Coc:7    | Noticed Antaeus
122450 | Coc:7    | Killed Antaeus
122603 | Coc:7    | Noticed a shard shrike
122611 | Coc:7    | Killed a shard shrike
122676 | Coc:7    | Noticed a shard shrike
122676 | Coc:7    | Killed a shard shrike
122795 | Coc:7    | Noticed a shard shrike
122795 | Coc:7    | Noticed a shard shrike
122795 | Coc:7    | Noticed a shard shrike
122795 | Coc:7    | Noticed a shard shrike
122799 | Coc:7    | Killed a shard shrike
122801 | Coc:7    | Killed a shard shrike
122809 | Coc:7    | Killed a shard shrike
122816 | Coc:7    | Killed a shard shrike
123038 | Coc:7    | Noticed a shard shrike
123040 | Coc:7    | Killed a shard shrike
123062 | Coc:7    | Noticed a shard shrike
123062 | Coc:7    | Killed a shard shrike
123390 | Coc:7    | Noticed a shard shrike
123390 | Coc:7    | Killed a shard shrike
123395 | Coc:7    | Got a translucent cloak
123398 | Coc:7    | Got a transparent great mace
123406 | Coc:7    | Got an icy rune of Zot
123427 | Coc:7    | Identified the cursed -6 cloak "Fuletaf" {*Slow rC+++ Int-5
                  | Dex+6} (You found it on level 7 of Cocytus)
123428 | Coc:7    | Identified the +4 great mace of the Butterfly {drain, -Tele
                  | rF++ Str+4} (You found it on level 7 of Cocytus)
123504 | Coc:7    | Noticed a shard shrike
123521 | Coc:7    | Killed a shard shrike
123589 | Coc:7    | Noticed a shard shrike
123596 | Coc:7    | Killed a shard shrike
123627 | Coc:7    | Noticed a shard shrike
123630 | Coc:7    | Killed a shard shrike
123913 | Hell     | Found a gateway to the ashen valley of Gehenna.
123925 | Geh:1    | Entered Level 1 of Gehenna
123931 | Geh:1    | You fall through a shaft!
123934 | Geh:2    | You fall through a shaft for 2 floors!
123937 | Geh:4    | You fall through a shaft!
123940 | Geh:5    | You fall through a shaft!
123943 | Geh:6    | You fall through a shaft!
123943 | Geh:7    | Entered Level 7 of Gehenna
124945 | Geh:7    | Got an ancient lapis lazuli ring
124950 | Geh:7    | Identified the ring "Ecwait" {rElec rN+ SInv Stlth-} (You
                  | found it on level 7 of Gehenna)
125301 | Geh:7    | Noticed Asmodeus
125302 | Geh:7    | Found the amulet of the Air {Inacc +Fly rElec EV+5 RMsl}
125312 | Geh:7    | Killed Asmodeus
125319 | Geh:7    | Got an obsidian rune of Zot
125325 | Geh:7    | Identified the Compendium of Doomed Ignition
125533 | Dis:1    | Entered Level 1 of the Iron City of Dis
125537 | Dis:1    | You fall through a shaft!
125540 | Dis:2    | You fall through a shaft for 2 floors!
125543 | Dis:4    | You fall through a shaft for 2 floors!
125546 | Dis:6    | You fall through a shaft!
125546 | Dis:7    | Entered Level 7 of the Iron City of Dis
126781 | Dis:7    | Noticed the Serpent of Hell
126798 | Dis:7    | Killed the Serpent of Hell
126798 | Dis:7    | Reached skill level 27 in Earth Magic
126804 | Dis:7    | Reached skill level 5 in Stealth
126851 | Dis:7    | Learned a level 2 spell: Passwall
126884 | Dis:7    | Noticed Dispater
126938 | Dis:7    | Killed Dispater
126938 | Dis:7    | Reached skill level 5 in Transmutations
127020 | Dis:7    | Got an iron rune of Zot
127408 | Depths:1 | Learned a level 6 spell: Statue Form
128111 | Tomb:1   | Entered Level 1 of the Tomb of the Ancients
128728 | Tomb:1   | Reached skill level 10 in Transmutations
128733 | Tomb:1   | Noticed a greater mummy
128741 | Tomb:1   | Killed a greater mummy
128866 | Tomb:1   | Noticed a greater mummy
128872 | Tomb:1   | Killed a greater mummy
128939 | Tomb:2   | Noticed a greater mummy
128939 | Tomb:2   | Noticed a greater mummy
128940 | Tomb:2   | Noticed a greater mummy
128940 | Tomb:2   | Noticed a greater mummy
128943 | Tomb:2   | Noticed an ancient lich
128951 | Tomb:2   | Killed an ancient lich
128951 | Tomb:2   | Killed a greater mummy
128951 | Tomb:2   | Killed a greater mummy
128954 | Tomb:2   | Killed a greater mummy
128955 | Tomb:2   | Killed a greater mummy
129281 | Tomb:1   | Noticed a greater mummy
129287 | Tomb:1   | Killed a greater mummy
129307 | Tomb:1   | Noticed a greater mummy
129315 | Tomb:1   | Noticed a greater mummy
129317 | Tomb:1   | Noticed a greater mummy
129318 | Tomb:1   | Killed a greater mummy
129324 | Tomb:1   | Killed a greater mummy
129326 | Tomb:1   | Killed a greater mummy
129326 | Tomb:1   | Reached skill level 15 in Transmutations
129399 | Tomb:1   | Noticed a greater mummy
129407 | Tomb:1   | Killed a greater mummy
129420 | Tomb:1   | Noticed a greater mummy
129421 | Tomb:1   | Noticed a greater mummy
129421 | Tomb:1   | Noticed a greater mummy
129424 | Tomb:1   | Noticed a greater mummy
129428 | Tomb:1   | Noticed a greater mummy
129429 | Tomb:1   | Killed a greater mummy
129431 | Tomb:1   | Killed a greater mummy
129431 | Tomb:1   | Killed a greater mummy
129439 | Tomb:1   | Noticed a greater mummy
129447 | Tomb:1   | Killed a greater mummy
129450 | Tomb:1   | Killed a greater mummy
129454 | Tomb:1   | Noticed a greater mummy
129457 | Tomb:1   | Killed a greater mummy
129461 | Tomb:1   | Noticed a greater mummy
129462 | Tomb:1   | Killed a greater mummy
129466 | Tomb:1   | Noticed a greater mummy
129764 | Tomb:1   | Killed a greater mummy
129795 | Tomb:1   | Killed a greater mummy
129843 | Tomb:1   | Noticed a greater mummy
129851 | Tomb:1   | Killed a greater mummy
129871 | Tomb:1   | Noticed a greater mummy
129883 | Tomb:1   | Killed a greater mummy
129889 | Tomb:1   | Noticed a greater mummy
129892 | Tomb:1   | Noticed a greater mummy
129897 | Tomb:1   | Killed a greater mummy
129900 | Tomb:1   | Killed a greater mummy
130056 | Tomb:3   | Entered Level 3 of the Tomb of the Ancients
130075 | Tomb:3   | Noticed a greater mummy
130077 | Tomb:3   | Noticed a greater mummy
130077 | Tomb:3   | Noticed a greater mummy
130078 | Tomb:3   | Noticed a greater mummy
130081 | Tomb:3   | Noticed Mara
130082 | Tomb:3   | Noticed a greater mummy
130084 | Tomb:3   | Killed a greater mummy
130085 | Tomb:3   | Noticed a greater mummy
130086 | Tomb:3   | HP: 15/318 [torment (1)]
130087 | Tomb:3   | HP: 2/323 [greater mummy/divine providence (13)]
130087 | Tomb:3   | Slain by an emperor scorpion

Vault maps used:
D:1:      minmay_arrival_glassed_features
D:2:      fiery_altar_vehumet
D:3:      old_standard_altar, gammafunk_temple_overflow_arena, first_ration,
          uniq_jessica
D:4:      old_standard_altar, serial_shops, shop, trog_wizard, uniq_eustachio
D:5:      dancing_weapons_uskayaw, serial_shops,
          nicolae_shop_competitors_out_of_business, uniq_grinder, uniq_menkaure,
          uniq_blork_the_orc
D:6:      lemuel_coloured_pillars_altar, old_standard_altar,
          portal_sewer_entry_b, serial_shops, shop, shop, uniq_edmund
D:7:      nicolae_overflow_crystal_walls, minmay_temple_entry_poolview,
          st_stairs_6, the_bakery, uniq_pikel
D:8:      minmay_the_grid_square_5x5_3x3, overflow_temple_1_default,
          erik_lair_dragon, minmay_door_square
D:9:      kennysheep_ying_yang, orc_0_dummy
D:10:     hangedman_feature_mirror, st_stairs_14
D:11:     lab_entry_generic
D:13:     serial_shops, shop
D:14:     grunt_vaults_entry_tiered, infiniplex_staircase_pool_1, serial_shops,
          nicolae_shop_behind_doors, nicolae_shop_behind_doors,
          kennysheep_little_box, shop, minmay_guarded_unrand_variability,
          uniq_kirke, uniq_louise, uniq_azrael
D:15:     grunt_enter_depths_hoard, hex_medium, lemuel_blue_sif_altar
Temple:   compressed_dpeg_circular_temple
Lair:1:   beast_lair_carwin_4, serial_bayou_shore_b
Lair:2:   minmay_shoals_entry_lonely_mermaid, guppyfry_snake_entry_garden,
          uniq_gastronok, uniq_prince_ribbit2
Lair:3:   wad_woods_minihive, eino_small_chamber_without_monster
Lair:4:   zaba_antful_of_joy
Lair:5:   slime_altar_1, basic_altar, minivault_26,
          nicolae_lair_grove_arrangements
Lair:6:   hangedman_lair_caniforms_friends, hangedman_lair_in_review,
          gammafunk_ghost_arena, portal_ice_cave_rime, wad_woods_road_04
Shoals:1: nicolae_shoals_aquamancer_cove
Shoals:3: nzn_motion_control
Shoals:4: shoals_end_simple, nicolae_shoals_circle_sea_wall,
          hangedman_shoals_cup_caves, uniq_polyphemus
Snake:1:  grunt_megastairs_4, uniq_frances
Snake:2:  basic_altar
Snake:3:  minmay_shop_grid_forest, uniq_vashnia
Snake:4:  snake_pit, gammafunk_ghost_grave
Slime:2:  basic_altar
Slime:3:  cheibrodos_slime_lost_civilization_3
Orc:1:    serial_shops, nicolae_shop_overgrown_old_shop
Orc:2:    grunt_orc_gardens, grunt_orc_garden, grunt_orc_garden,
          grunt_orc_garden, grunt_orc_garden, serial_shops, shop,
          nicolae_orc_bridge_out, david_defended_altar_orc, uniq_saint_roka
Elf:1:    hangedman_elf_disciples, grunt_megastairs_2
Elf:2:    uniq_donald, uniq_agnes
Elf:3:    minmay_elf_hall_quartered_circle, grunt_ministairs_5
Vaults:1: hangedman_vaults_slice, vaults_mumra_chevron_long, st_lattice,
          nicolae_vaults_circle_grid_a, v_pattern_4, nicolae_vaults_gold_heap,
          v_misc_18, vaults_room_grid
Vaults:2: nicolae_vaults_stairing_the_circle, v_pattern_1,
          vaults_room_hangedman_quadrants, dpeg_vaults_monster_box,
          hangedman_vaults_maws, v_rooms_2, vaults_room_boxed,
          vaults_room_large_hall
Vaults:3: minmay_crypt_entry_simple_walls, grunt_vaults_focal,
          nicolae_vaults_little_squares_3, vaults_room_door_hall, v_misc_11,
          hangedman_vaults_stagger, hangedman_vaults_nodes,
          nicolae_vaults_big_ls, ontoclasm_vaults_ring_large,
          nicolae_vaults_asterisk, vaults_dpeg_diagonal, v_misc_10,
          vaults_room_hallway, vaults_room_hallway, vaults_dpeg_spiral,
          portal_desolation_entry_garden, serial_shops, nicolae_shop_waterfront,
          basic_altar, uniq_jory, uniq_asterion, uniq_boris
Vaults:4: gammafunk_vaults_ghost_grave, nicolae_vaults_arrows, v_misc_22,
          ontoclasm_vaults_chip, hangedman_vaults_locks, v_misc_22, v_misc_15,
          vaults_mumra_hex
Vaults:5: uniq_mennas
Crypt:1:  serial_sigils_hangedman_clutch, nicolae_crypt_niches, library_closet
Crypt:2:  serial_sigils_hangedman_stare, glass_columns_a
Crypt:3:  lightli_unholy_cathedral, nicolae_tomb_entry_unfolded_pyramid_diagonal
Tomb:3:   uniq_mara
Depths:1: rand_demon_pan_entry_3, abyss_entry, grunt_hell_entry_dis_grunt,
          kennysheep_big_empty_room, kennysheep_treasure_room, uniq_enchantress
Depths:2: radiant_caverns_a_rkd, abyss_entry, hell_entry, uniq_sojobo
Depths:3: evilmike_pillar_path, grunt_metal_band, minmay_misc_feat_doors,
          serial_glass, glass_columns_a, glass_columns_b, glass_columns_c,
          glass_columns_c, glass_columns_a, glass_columns_a, pan_entry,
          serial_bayou_shore_b, infiniplex_staircase_zigzag_3
Depths:4: minmay_box_of_statues, abyss_entry, hangedman_tar_grid_catacomb,
          grunt_pan_entry_spiral, ebering_ghost_disaster_area, minivault_14,
          minmay_curled_crystal, infiniplex_staircase_diamond
Depths:5: lemuel_castle_with_subvaults, nrook_uturn, pan_entry,
          hangedman_coc_ice_floe, abyss_entry, serial_bayou_shore_b
Dis:2:    kennysheep_iron_temple, nicolae_dis_iron_filings
Dis:6:    hangedman_dis_decor_tower
Dis:7:    dis_grunt_layers
Geh:1:    lemuel_flamethrower_2
Geh:2:    grunt_megastairs_3
Geh:4:    nicolae_geh_lava_in_the_way
Geh:7:    geh_grunt_pentagon
Coc:7:    coc_old
Tar:7:    tar_minmay_river
Zot:1:    hangedman_zot_vaults_quadrants
Abyss:2:  evilmike_abyss_exit_13
Abyss:3:  evilmike_abyss_rune_siren_acolytes, hangedman_stitches_earthworm
Abyss:5:  guppyfry_abyss_exit_spiral_guarded, hangedman_abyss_or_decor_stagger,
          hangedman_abyss_feature_spike, evilmike_abyss_exit_10
Pan:      rand_demon_6, evilmike_mini_pan_corner, nicolae_pan_sigil_obb,
          grunt_pan_frozen_over, evilmike_mini_pan_corner,
          evilmike_mini_pan_pillars_b, nicolae_pan_sigil_obb,
          nicolae_pan_lom_lobonic_4, reaverb_pan_chaos_star,
          reaverb_pan_figure_eight, evilmike_mini_pan_doors,
          nicolae_pan_sigil_uleosi, evilmike_mini_pan_other_thingy,
          gloorx_vloq_st, rand_demon_5, evilmike_mini_pan_corridor,
          evilmike_mini_pan_pillars_b, nicolae_pan_mnolegish_3,
          lom_lobon_spiral_st, evilmike_mini_pan_diamond,
          pan_blood_fountain_small, nicolae_pan_cerebovesque_4, cerebov_grunt,
          nicolae_pan_glass_arcs, pan_blood_fountain_small, mnoleg,
          evilmike_mini_pan_3x3, pan_blood_fountain_2, pan_captured_pigsty,
          nicolae_pan_gloorx_vloqian_3, evilmike_mini_pan_T,
          nicolae_pan_mnolegish_2, nicolae_pan_giant_door, grunt_pan_sceptre,
          evilmike_mini_pan_diamond, pan_blood_fountain,
          nicolae_pan_sick_transit, nicolae_pan_lom_lobonic_3,
          evilmike_mini_pan_layers, evilmike_mini_pan_V,
          nicolae_pan_gloorx_vloqian_3, nicolae_pan_door_chamber,
          grunt_pan_sceptre, evilmike_mini_pan_corridor,
          evilmike_mini_pan_diamond, pan_blood_fountain,
          regret_index_pan_draining_boxed, pan_blood_fountain_2,
          evilmike_mini_pan_T, nicolae_pan_gloorx_vloqian_3, rand_demon_6,
          rand_demon_3, evilmike_mini_pan_diamond, nicolae_pan_lom_lobonic_3,
          rand_demon_8, nicolae_pan_sigil_uleosi, evilmike_mini_pan_thingy,
          lemuel_hellion_island, nicolae_pan_sigil_eeng, nicolae_pan_glass_arcs,
          nicolae_pan_mnolegish_4, grunt_pan_in_and_out, nicolae_pan_giant_door,
          nicolae_pan_diamonds, nicolae_pan_diamonds, pan_disco_hall,
          pan_blood_fountain_small, evilmike_mini_pan_possible_glass,
          pan_blood_fountain_2, pan_blood_fountain, evilmike_mini_pan_diamond,
          nicolae_pan_cerebovesque_2, nicolae_pan_glass_arcs,
          grunt_pan_in_and_out, nicolae_pan_sigil_itan,
          evilmike_mini_pan_other_thingy, grunt_pan_pentagram,
          pan_blood_fountain, nicolae_pan_gloorx_vloqian_2,
          nicolae_pan_sick_transit, nicolae_pan_hourglass,
          evilmike_mini_pan_doors, evilmike_mini_pan_corridor,
          pan_blood_fountain_small, evilmike_mini_pan_pillars,
          evilmike_mini_pan_doors, nicolae_pan_cerebovesque_2
Lab:      labyrinth_glass_1, nicolae_lab_lava
Sewer:    sewer_frog_island_02
IceCv:    ice_cave_small_demon

Skill      XL: |  1  2  3  4  5  6  7  8  9 10 11 12 13 14 15 16 17 18 19 20 21 22 23 24 25 26 27 |
---------------+----------------------------------------------------------------------------------+-----
Shields        | 4 5 6 8 10 11 12 13 14 15 16 17 19 20 21 22 23 24 27 | 27.0
Axes           | 3 4 5 6 7 9 10 12 13 14 15 16 17 18 19 20 21 22 27 | 27.0
Fighting       | 4 5 6 7 8 9 10 11 12 13 14 15 16 17 18 27 | 27.0
Armour         | 4 5 6 7 8 9 10 11 12 13 27 | 27.0
Invocations    | 2 5 7 9 10 11 12 13 14 15 16 17 18 19 27 | 27.0
Evocations     | 2 4 6 8 9 10 11 12 13 14 15 16 17 18 27 | 27.0
Crossbows      | 27 | 27.0
Spellcasting   | 27 | 27.0
Stealth        | 6 |  6.8
Earth Magic    | 27 | 27.0
Transmutations | 19 | 19.2

Action                   |  1- 3 |  4- 6 |  7- 9 | 10-12 | 13-15 | 16-18 | 19-21 | 22-24 | 25-27 || total
-------------------------+-------+-------+-------+-------+-------+-------+-------+-------+-------++-------
Melee: War axe           |   110 |   149 |   466 |   334 |       |       |       |       |       ||  1059
       Battleaxe         |       |       |       |   257 |   888 |  1214 |  1138 |  1747 |  2417 ||  7661
       Executioner's axe |       |       |       |       |       |       |       |       |  7266 ||  7266
 Fire: Heavy crossbow    |       |       |       |       |       |       |       |       |   532 ||   532
 Cast: Statue Form       |       |       |       |       |       |       |       |       |    20 ||    20
Invok: Divine Shield     |       |       |       |       |     4 |     7 |    12 |     3 |    21 ||    47
       Summon Divine War |       |       |       |       |     1 |    12 |     1 |     1 |    35 ||    50
       Cleansing Flame   |       |       |       |       |       |     2 |     2 |     4 |    45 ||    53
       Brand Weapon With |       |       |       |       |       |       |       |       |     1 ||     1
 Abil: Dig               |       |     6 |    12 |    48 |    19 |    44 |    29 |    23 |   140 ||   321
       Shaft Self        |       |       |       |       |       |     1 |       |       |    17 ||    18
Evoke: Wand              |       |       |       |     8 |    17 |    30 |     5 |    32 |    35 ||   127
       Lamp of fire      |       |       |       |     1 |     1 |     5 |     4 |     2 |    20 ||    33
       Phial of floods   |       |       |       |       |     1 |     1 |       |       |     4 ||     6
       Fan of gales      |       |       |       |       |       |     1 |     1 |       |       ||     2
       Box of beasts     |       |       |       |       |       |       |       |       |     2 ||     2
       Lightning rod     |       |       |       |       |       |       |       |       |     1 ||     1
       Phantom mirror    |       |       |       |       |       |       |       |       |     1 ||     1
  Use: Potion            |       |       |     1 |     2 |     3 |    14 |     5 |     1 |    25 ||    51
       Scroll            |       |       |     9 |    13 |     6 |    18 |     1 |    11 |    72 ||   130
  Eat: Chunk             |     1 |     5 |     9 |    14 |    13 |     8 |    10 |    30 |    79 ||   169
       Ration            |       |       |     3 |     3 |     4 |    11 |     7 |     4 |    69 ||   101
Armor: Scale mail        |    79 |    77 |    50 |       |       |       |       |       |       ||   206
       Chain mail        |       |       |   118 |    30 |       |       |       |       |       ||   148
       Plate armour      |       |       |       |    75 |   236 |   307 |   161 |   231 |   478 ||  1488
       Skin              |       |       |       |     6 |       |    24 |     6 |       |    68 ||   104
       Gold dragon scale |       |       |       |       |       |       |       |       |  1850 ||  1850
Dodge: Dodged            |    31 |    59 |    89 |    48 |    94 |   103 |   103 |   146 |   947 ||  1620
       Deflected         |       |     1 |       |     3 |     4 |     8 |    25 |    53 |    90 ||   184
Block: Shield            |    71 |    91 |   183 |       |       |       |       |       |       ||   345
       Large shield      |       |       |   116 |   603 |  1025 |  1096 |  1161 |  1941 | 10757 || 16699

Table legend:
 A = Non-vault XP
 B = Vault XP
 C = Vault XP percentage of total XP
 D = Non-vault monster count
 E = Vault monster count
 F = Vault count percentage of total count
                 A         B        C        D         E       F
            +---------+---------+-------+---------+---------+-------
      Total | 2981356 | 2430555 |  44.9 |    4324 |    2378 |  35.5
            +---------+---------+-------+---------+---------+-------
        D:1 |      28 |       0 |   0.0 |      16 |       0 |   0.0
        D:2 |      67 |       0 |   0.0 |      14 |       0 |   0.0
        D:3 |     118 |     262 |  68.9 |      24 |       7 |  22.6
        D:4 |     176 |     185 |  51.2 |      13 |       1 |   7.1
        D:5 |     510 |     546 |  51.7 |      18 |       3 |  14.3
        D:6 |     918 |     172 |  15.8 |      24 |       2 |   7.7
        D:7 |    1550 |     878 |  36.2 |      38 |       2 |   5.0
        D:8 |    2848 |    3236 |  53.2 |      25 |      17 |  40.5
        D:9 |     639 |       0 |   0.0 |      14 |       0 |   0.0
       D:10 |    2290 |     211 |   8.4 |      31 |       4 |  11.4
       D:11 |    3917 |       0 |   0.0 |      40 |       0 |   0.0
       D:12 |    3693 |       0 |   0.0 |      16 |       0 |   0.0
       D:13 |   11818 |       0 |   0.0 |      37 |       0 |   0.0
       D:14 |   10532 |   16339 |  60.8 |      30 |      39 |  56.5
       D:15 |   14194 |    2041 |  12.6 |      47 |       2 |   4.1
     Lair:1 |    3577 |    1030 |  22.4 |      15 |       6 |  28.6
     Lair:2 |    6497 |    4275 |  39.7 |      24 |      10 |  29.4
     Lair:3 |    6163 |    5746 |  48.2 |      19 |      60 |  75.9
     Lair:4 |    3370 |    6717 |  66.6 |      17 |      33 |  66.0
     Lair:5 |    5735 |       0 |   0.0 |      24 |       0 |   0.0
     Lair:6 |    4043 |   25820 |  86.5 |      13 |      88 |  87.1
   Shoals:1 |    9284 |    3534 |  27.6 |      15 |       4 |  21.1
   Shoals:2 |   18457 |       0 |   0.0 |      39 |       0 |   0.0
   Shoals:3 |   11964 |    3844 |  24.3 |      24 |       5 |  17.2
   Shoals:4 |   14330 |   40143 |  73.7 |      31 |      56 |  64.4
    Snake:1 |   21700 |    4228 |  16.3 |      44 |       5 |  10.2
    Snake:2 |   26526 |       0 |   0.0 |      51 |       0 |   0.0
    Snake:3 |    3960 |    6006 |  60.3 |       9 |       4 |  30.8
    Snake:4 |   15732 |   34996 |  69.0 |      28 |      48 |  63.2
    Slime:1 |    9689 |       0 |   0.0 |      12 |       0 |   0.0
    Slime:2 |    8821 |       0 |   0.0 |      12 |       0 |   0.0
    Slime:3 |    4957 |       0 |   0.0 |       3 |       0 |   0.0
    Slime:4 |   15601 |       0 |   0.0 |      24 |       0 |   0.0
    Slime:5 |   15911 |   20969 |  56.9 |      27 |       9 |  25.0
      Orc:1 |    4847 |       0 |   0.0 |      33 |       0 |   0.0
      Orc:2 |    3208 |   15418 |  82.8 |      20 |      24 |  54.5
      Elf:1 |   16705 |    6761 |  28.8 |      27 |      11 |  28.9
      Elf:2 |   20412 |   28110 |  57.9 |      30 |      33 |  52.4
      Elf:3 |   16217 |   43373 |  72.8 |      28 |      30 |  51.7
   Vaults:1 |   25880 |   11376 |  30.5 |      40 |      14 |  25.9
   Vaults:2 |   19485 |   34561 |  63.9 |      31 |      50 |  61.7
   Vaults:3 |   40186 |   38632 |  49.0 |      67 |      46 |  40.7
   Vaults:4 |   46201 |   35962 |  43.8 |      59 |      46 |  43.8
   Vaults:5 |   41114 |  144044 |  77.8 |      46 |      93 |  66.9
    Crypt:1 |   23091 |       0 |   0.0 |      33 |       0 |   0.0
    Crypt:2 |   17537 |       0 |   0.0 |      30 |       0 |   0.0
    Crypt:3 |   33581 |   45944 |  57.8 |      46 |      51 |  52.6
     Tomb:1 |   16690 |  162738 |  90.7 |      35 |      61 |  63.5
     Tomb:2 |    3451 |   48717 |  93.4 |      11 |      41 |  78.8
     Tomb:3 |    6083 |   15065 |  71.2 |      18 |      29 |  61.7
   Depths:1 |   15459 |   13397 |  46.4 |      24 |      12 |  33.3
   Depths:2 |     987 |   64308 |  98.5 |       1 |      97 |  99.0
   Depths:3 |   30831 |   35623 |  53.6 |      44 |      20 |  31.2
   Depths:4 |   42617 |   31767 |  42.7 |      46 |      37 |  44.6
   Depths:5 |   32425 |   45742 |  58.5 |      29 |      41 |  58.6
       Hell |   26592 |   29736 |  52.8 |      47 |      51 |  52.0
      Dis:7 |   96782 |  121977 |  55.8 |     122 |      82 |  40.2
      Geh:7 |   53144 |   57121 |  51.8 |      90 |      43 |  32.3
      Coc:7 |  127470 |   63216 |  33.2 |     117 |      50 |  29.9
      Tar:7 |   46741 |   80565 |  63.3 |      80 |      62 |  43.7
      Zot:1 |   36988 |   46418 |  55.7 |      26 |      27 |  50.9
      Zot:2 |   45948 |       0 |   0.0 |      29 |       0 |   0.0
      Zot:3 |   16637 |       0 |   0.0 |       8 |       0 |   0.0
    Abyss:1 |   46980 |       0 |   0.0 |      72 |       0 |   0.0
    Abyss:2 |   29808 |       0 |   0.0 |      59 |       0 |   0.0
    Abyss:3 |   66606 |   14739 |  18.1 |     154 |      25 |  14.0
    Abyss:5 |   29818 |    2732 |   8.4 |      45 |       7 |  13.5
        Pan | 1639989 |  942014 |  36.5 |    1958 |     689 |  26.0
        Lab |    1231 |    1633 |  57.0 |       1 |       4 |  80.0
      Sewer |       0 |     391 | 100.0 |       0 |      58 | 100.0
      IceCv |       0 |    5719 | 100.0 |       0 |      25 | 100.0
 Desolation |       0 |   61578 | 100.0 |       0 |     114 | 100.0
            +---------+---------+-------+---------+---------+-------
